Workbook
Name _AA100000: #REF!
Name _Fill: #REF!
Name _LOC10: #REF!
Name _LOC11: #REF!
Name _LOC12: #REF!
Name _LOC13: #REF!
Name _LOC14: #REF!
Name _LOC15: #REF!
Name _LOC16: #REF!
Name _LOC17: #REF!
Name _LOC18: #REF!
Name _LOC19: #REF!
Name _LOC2: #REF!
Name _LOC20: #REF!
Name _LOC21: #REF!
Name _LOC22: #REF!
Name _LOC23: #REF!
Name _LOC24: #REF!
Name _LOC25: #REF!
Name _LOC26: #REF!
Name _LOC27: #REF!
Name _LOC28: #REF!
Name _LOC29: #REF!
Name _LOC3: #REF!
Name _LOC30: #REF!
Name _LOC31: #REF!
Name _LOC32: #REF!
Name _LOC33: #REF!
Name _LOC34: #REF!
Name _LOC35: #REF!
Name _LOC36: #REF!
Name _LOC37: #REF!
Name _LOC38: #REF!
Name _LOC39: #REF!
Name _LOC4: #REF!
Name _LOC40: #REF!
Name _LOC41: #REF!
Name _LOC42: #REF!
Name _LOC5: #REF!
Name _LOC6: #REF!
Name _LOC7: #REF!
Name _LOC8: #REF!
Name _LOC9: #REF!
Name _R: #REF!
Name AAA: #REF!
Name AC: #REF!
Name AL: #REF!
Name Área_impressão_IM: #REF!
Name B.01.05.10.10: #REF!
Name CD: #REF!
Name CP: #REF!
Name CS: #REF!
Name CT: #REF!
Name EV: #REF!
Name IC: #REF!
Name IMPR: #REF!
Name IMPR1: #REF!
Name IS: #REF!
Name LB: #REF!
Name MACROS: #REF!

Sheet DADOS GERAIS
B2: DADOS GERAIS
B8: Secretaria da Saúde - Timbó
B9: =C16 -> Unidade Básica de Saúde Porte 3 - Área Construída: 813,73m²
B10: Localização
B11: RUA TIROLESES, 515, Bairro CAPITAIS, Complemento - , CEP 89095-450
B12: Bancos:
B13: SINAPI (07/2025) - CPOS/CDHU (06/2025) - SBC (08/2025) - ORSE (06/2025) - IOPES (05/2025) - EMOP (07/2025) - SIURB (01/2025)
B16: Obra: | C16: Unidade Básica de Saúde Porte 3 - Área Construída: 813,73m²
B17: Local: | C17: RUA TIROLESES, 515, Bairro CAPITAIS, Complemento - , CEP 89095-450
B18: Região: | C18: SC
B19: Data Base: | C19: 45839
B20: BDI Geral (%): | C20: ='BDI SEM DESONERAÇÃO'!E37 -> 0.20814987
B21: Área construída (m²): | C21: 813.73
B22: Data: | C22: 28/08/2025
B23: Revisão: | C23: 00
B24: Responsável Técnico pelo Orçamento: | C24: Thaenne Hellen Beber
B25: Cargo Responsável Técnico: | C25: Engenheira Civil - CREA SC 186217-6
B31: ________________________________________________________________________________
B32: =C24 -> Thaenne Hellen Beber
B33: =C25 -> Engenheira Civil - CREA SC 186217-6

Sheet ORC. SINTÉTICO
B2: PLANILHA DE ORÇAMENTO SINTÉTICO
B8: ='DADOS GERAIS'!$B$8 -> Secretaria da Saúde - Timbó | K8: =RESUMO!D8 -> BDI Geral: | M8: =RESUMO!E8 -> 0 | N8: ='DADOS GERAIS'!$B$22 -> Data:
B9: ='DADOS GERAIS'!$B$9 -> Unidade Básica de Saúde Porte 3 - Área Construída: 813,73m² | K9: =RESUMO!D9 -> 0.20814987 | M9: =RESUMO!E9 -> 0 | N9: ='DADOS GERAIS'!$C$22 -> 28/08/2025
B10: Localização
B11: RUA TIROLESES, 515, Bairro CAPITAIS, Complemento - , CEP 89095-450
B12: =RESUMO!B12 -> Bancos: | M12: =RESUMO!E12 -> 0 | N12: ='DADOS GERAIS'!$B$23 -> Revisão:
B13: ='DADOS GERAIS'!$B$13 -> SINAPI (07/2025) - CPOS/CDHU (06/2025) - SBC (08/2025) - ORSE (06/2025) - IOPES (05/2025) - EMOP (07/2025) - SIURB (01/2025) | M13: =RESUMO!E13 -> 0 | N13: ='DADOS GERAIS'!$C$23 -> 00
B16: Item | C16: Código | D16: Banco | E16: Descrição | F16: Und | G16: Quant. | H16: Valor Unit Total | I16: Valor Unit Total + BDI | L16: Total | O16: Peso (%)
B19: 1 | E19: SERVIÇOS PRELIMINARES E INDIRETOS | N19: 361997.25 | O19: 0.098023943
B20: 1.1 | E20: CANTEIRO DE OBRAS | N20: 203956.36 | O20: 0.055228614
B21: 1.1.1 | C21: CPU2526 | D21: Próprio | E21: LOCAÇÃO DE CONTAINER TIPO DEPÓSITO - ÁREA MÍNIMA DE 13,80 M2 | F21: UNXMÊS | G21: 28 | H21: 981.52 | I21: 116.48 | J21: 1069.29 | K21: 1185.77 | L21: 3261.44 | M21: 29940.12 | N21: 33201.56 | O21: 0.0089905319
B22: 1.1.2 | C22: CPU2527 | D22: Próprio | E22: BARRACÃO ABERTO PARA APOIO À PRODUÇÃO (CARPINTARIA, CENTRAL DE ARMAÇÃO, OFICINA, ETC.) C/ TESOURAS, TELHA 4MM, PISO EM CONCRETO DESEMPOLADO | F22: m² | G22: 25 | H22: 314.69 | I22: 65.38 | J22: 314.79 | K22: 380.17 | L22: 1634.5 | M22: 7869.75 | N22: 9504.25 | O22: 0.0025736219
B23: 1.1.3 | C23: CPU2528 | D23: Próprio | E23: LOCAÇÃO DE CONTAINER - BANHEIRO COM CHUVEIROS E VASOS - 4,30 X 2,30M | F23: MÊS | G23: 14 | H23: 962.26 | I23: 0 | J23: 1162.5 | K23: 1162.5 | L23: 0 | M23: 16275 | N23: 16275 | O23: 0.0044070491
B24: 1.1.4 | C24: CPU2529 | D24: Próprio | E24: BARRACAO PARA REFEITORIO EM OBRAS EM COMPENSADO | F24: m² | G24: 35 | H24: 1346.87 | I24: 980.76 | J24: 646.39 | K24: 1627.15 | L24: 34326.6 | M24: 22623.65 | N24: 56950.25 | O24: 0.015421355
B25: 1.1.5 | C25: 95648 | D25: SINAPI | E25: KIT CAVALETE PARA MEDIÇÃO DE ÁGUA - ENTRADA INDIVIDUALIZADA, EM CPVC DN 28 MM (1"), PARA 1 MEDIDOR - FORNECIMENTO E INSTALAÇÃO (EXCLUSIVE HIDRÔMETRO). AF_03/2024 | F25: UN | G25: 1 | H25: 544.56 | I25: 105.9 | J25: 551.98 | K25: 657.88 | L25: 105.9 | M25: 551.98 | N25: 657.88 | O25: 0.00017814498
B26: 1.1.6 | C26: 95673 | D26: SINAPI | E26: HIDRÔMETRO DN 1/2", 1,5 M3/H - FORNECIMENTO E INSTALAÇÃO. AF_03/2024 | F26: UN | G26: 1 | H26: 176.19 | I26: 27.81 | J26: 185.04 | K26: 212.85 | L26: 27.81 | M26: 185.04 | N26: 212.85 | O26: 5.7636892e-05
B27: 1.1.7 | C27: 101509 | D27: SINAPI | E27: ENTRADA DE ENERGIA ELÉTRICA, AÉREA, TRIFÁSICA, COM CAIXA DE EMBUTIR, CABO DE 10 MM2 E DISJUNTOR DIN 50A (NÃO INCLUSO O POSTE DE CONCRETO). AF_07/2020 | F27: UN | G27: 1 | H27: 2178.7 | I27: 797.4 | J27: 1834.68 | K27: 2632.08 | L27: 797.4 | M27: 1834.68 | N27: 2632.08 | O27: 0.00071273155
B28: 1.1.8 | C28: 103689 | D28: SINAPI | E28: FORNECIMENTO E INSTALAÇÃO DE PLACA DE OBRA COM CHAPA GALVANIZADA E ESTRUTURA DE MADEIRA. AF_03/2022_PS | F28: m² | G28: 6 | H28: 467.47 | I28: 50.24 | J28: 514.51 | K28: 564.75 | L28: 301.44 | M28: 3087.06 | N28: 3388.5 | O28: 0.00091755982
B29: 1.1.9 | C29: CPU2530 | D29: Próprio | E29: REMOÇÃO DE ENTULHO SEPARADO DE OBRA COM CAÇAMBA METÁLICA - TERRA, ALVENARIA, CONCRETO, ARGAMASSA, MADEIRA, PAPEL, PLÁSTICO OU METAL | F29: m³ | G29: 280 | H29: 112.66 | I29: 14.92 | J29: 121.18 | K29: 136.1 | L29: 4177.6 | M29: 33930.4 | N29: 38108 | O29: 0.010319129
B30: 1.1.10 | C30: 98459 | D30: SINAPI | E30: TAPUME COM TELHA METÁLICA. AF_03/2024 | F30: m² | G30: 376.2 | H30: 94.67 | I30: 44.08 | J30: 70.29 | K30: 114.37 | L30: 16582.896 | M30: 26443.094 | N30: 43025.99 | O30: 0.011650854
B31: 1.2 | E31: ADMINISTRAÇÃO LOCAL DA OBRA | N31: 96610.04 | O31: 0.026160688
B32: 1.2.1 | C32: 93565 | D32: SINAPI | E32: ENGENHEIRO CIVIL DE OBRA JUNIOR COM ENCARGOS COMPLEMENTARES | F32: MES | G32: 3.5 | H32: 22848.17 | I32: 27078.16 | J32: 524.71 | K32: 27602.87 | L32: 94773.56 | M32: 1836.48 | N32: 96610.04 | O32: 0.026160688
B33: 1.3 | E33: MOBILIZAÇÃO E DESMOBILIZAÇÃO | N33: 9859 | O33: 0.0026696834
B34: 1.3.1 | C34: CPU2531 | D34: Próprio | E34: MOBILIZACAO E DESMOBILIZACAO DE CANTEIRO | F34: UN | G34: 1 | H34: 8160.75 | I34: 8452.31 | J34: 1406.69 | K34: 9859 | L34: 8452.31 | M34: 1406.69 | N34: 9859 | O34: 0.0026696834
B35: 1.4 | E35: EQUIPAMENTOS DE APOIO | N35: 51571.85 | O35: 0.013964957
B36: 1.4.1 | C36: CPU1926 | D36: Próprio | E36: LOCACAO DE ANDAIME METALICO TIPO FACHADEIRO, PECAS COM APROXIMADAMENTE 1,20 M DE LARGURA E 2,0 M DE ALTURA, INCLUINDO DIAGONAIS EM X, BARRAS DE LIGACAO, SAPATAS E DEMAIS ITENS NECESSARIOS A MONTAGEM, INCLUSIVE MONTAGEM E DESMONTAGEM | F36: M2XMÊS | G36: 1072.18 | H36: 39.82 | I36: 8.76 | J36: 39.34 | K36: 48.1 | L36: 9392.2968 | M36: 42179.553 | N36: 51571.85 | O36: 0.013964957
B37: 2 | E37: FUNDAÇÃO | N37: 351183.12 | O37: 0.095095623
B38: 2.1 | C38: 99059 | D38: SINAPI | E38: LOCAÇÃO CONVENCIONAL DE OBRA, UTILIZANDO GABARITO DE TÁBUAS CORRIDAS PONTALETADAS A CADA 2,00M - 2 UTILIZAÇÕES. AF_03/2024 | F38: M | G38: 119.12 | H38: 93.44 | I38: 49.74 | J38: 63.14 | K38: 112.88 | L38: 5925.0288 | M38: 7521.2312 | N38: 13446.26 | O38: 0.0036410647
B39: 2.2 | C39: 90100 | D39: SINAPI | E39: ESCAVAÇÃO MECANIZADA DE VALA COM PROF. ATÉ 1,5 M (MÉDIA MONTANTE E JUSANTE/UMA COMPOSIÇÃO POR TRECHO), RETROESCAV. (0,26 M3), LARG. DE 0,8 M A 1,5 M, EM SOLO DE 1A CATEGORIA, EM LOCAIS COM ALTO NÍVEL DE INTERFERÊNCIA. AF_09/2024 | F39: m³ | G39: 349.12 | H39: 13.56 | I39: 6.14 | J39: 10.24 | K39: 16.38 | L39: 2143.5968 | M39: 3574.9832 | N39: 5718.58 | O39: 0.0015485139
B40: 2.3 | C40: 93358 | D40: SINAPI | E40: ESCAVAÇÃO MANUAL DE VALA. AF_09/2024 | F40: m³ | G40: 87.28 | H40: 97.82 | I40: 98.37 | J40: 19.8 | K40: 118.17 | L40: 8585.7336 | M40: 1728.1364 | N40: 10313.87 | O40: 0.002792856
B41: 2.4 | C41: 100324 | D41: SINAPI | E41: LASTRO COM MATERIAL GRANULAR (PEDRA BRITADA N.1 E PEDRA BRITADA N.2), APLICADO EM PISOS OU LAJES SOBRE SOLO, ESPESSURA DE *10 CM*. AF_01/2024 | F41: m³ | G41: 65.03 | H41: 205.73 | I41: 75.58 | J41: 172.96 | K41: 248.54 | L41: 4914.9674 | M41: 11247.583 | N41: 16162.55 | O41: 0.0043765992
B42: 2.5 | C42: 96534 | D42: SINAPI | E42: FABRICAÇÃO, MONTAGEM E DESMONTAGEM DE FÔRMA PARA BLOCO DE COROAMENTO, EM MADEIRA SERRADA, E=25 MM, 4 UTILIZAÇÕES. AF_01/2024 | F42: m² | G42: 607.2 | H42: 87.78 | I42: 69.92 | J42: 36.12 | K42: 106.04 | L42: 42455.424 | M42: 21932.056 | N42: 64387.48 | O42: 0.017435256
B43: 2.6 | C43: 96543 | D43: SINAPI | E43: ARMAÇÃO DE BLOCO UTILIZANDO AÇO CA-60 DE 5 MM - MONTAGEM. AF_01/2024 | F43: KG | G43: 708.8 | H43: 22.25 | I43: 14.47 | J43: 12.41 | K43: 26.88 | L43: 10256.336 | M43: 8796.204 | N43: 19052.54 | O43: 0.0051591693
B44: 2.7 | C44: 96544 | D44: SINAPI | E44: ARMAÇÃO DE BLOCO UTILIZANDO AÇO CA-50 DE 6,3 MM - MONTAGEM. AF_01/2024 | F44: KG | G44: 3.5 | H44: 19.42 | I44: 10.64 | J44: 12.82 | K44: 23.46 | L44: 37.24 | M44: 44.87 | N44: 82.11 | O44: 2.2234274e-05
B45: 2.8 | C45: 96545 | D45: SINAPI | E45: ARMAÇÃO DE BLOCO UTILIZANDO AÇO CA-50 DE 8 MM - MONTAGEM. AF_01/2024 | F45: KG | G45: 1554.8 | H45: 17.05 | I45: 7.81 | J45: 12.78 | K45: 20.59 | L45: 12142.988 | M45: 19870.342 | N45: 32013.33 | O45: 0.0086687753
B46: 2.9 | C46: 96546 | D46: SINAPI | E46: ARMAÇÃO DE BLOCO UTILIZANDO AÇO CA-50 DE 10 MM - MONTAGEM. AF_01/2024 | F46: KG | G46: 1466.8 | H46: 14.66 | I46: 5.87 | J46: 11.84 | K46: 17.71 | L46: 8610.116 | M46: 17366.904 | N46: 25977.02 | O46: 0.0070342245
B47: 2.10 | C47: 104920 | D47: SINAPI | E47: ARMAÇÃO DE BLOCO, SAPATA ISOLADA, VIGA BALDRAME E SAPATA CORRIDA UTILIZANDO AÇO CA-50 DE 12,5 MM - MONTAGEM. AF_01/2024 | F47: KG | G47: 687.2 | H47: 11 | I47: 3.23 | J47: 10.05 | K47: 13.28 | L47: 2219.656 | M47: 6906.354 | N47: 9126.01 | O47: 0.0024711997
B48: 2.11 | C48: 104921 | D48: SINAPI | E48: ARMAÇÃO DE BLOCO, SAPATA ISOLADA, VIGA BALDRAME E SAPATA CORRIDA UTILIZANDO AÇO CA-50 DE 16 MM - MONTAGEM. AF_01/2024 | F48: KG | G48: 86.9 | H48: 10.19 | I48: 2.41 | J48: 9.9 | K48: 12.31 | L48: 209.429 | M48: 860.301 | N48: 1069.73 | O48: 0.00028966837
B49: 2.12 | C49: 96557 | D49: SINAPI | E49: CONCRETAGEM DE BLOCO DE COROAMENTO OU VIGA BALDRAME, FCK 30 MPA, COM USO DE BOMBA - LANÇAMENTO, ADENSAMENTO E ACABAMENTO. AF_01/2024 | F49: m³ | G49: 84.5 | H49: 848.95 | I49: 25.09 | J49: 1000.52 | K49: 1025.61 | L49: 2120.105 | M49: 84543.935 | N49: 86664.04 | O49: 0.023467446
... B53: 2.16 | C53: CPU2532 | D53: Próprio | E53: CONTROLE TECNOLOGICO DE CONCRETOS | F53: m³ | G53: 84.5 | H53: 102.85 | I53: 3.02 | J53: 121.23 | K53: 124.25 | L53: 255.19 | M53: 10243.93 | N53: 10499.12 | O53: 0.0028430192
B54: 3 | E54: ESTRUTURA | N54: 523961.02 | O54: 0.14188153
B55: 3.1 | E55: PILARES | N55: 88131.08 | O55: 0.0238647
B56: 3.1.1 | C56: 92423 | D56: SINAPI | E56: MONTAGEM E DESMONTAGEM DE FÔRMA DE PILARES RETANGULARES E ESTRUTURAS SIMILARES, PÉ-DIREITO SIMPLES, EM CHAPA DE MADEIRA COMPENSADA RESINADA, 6 UTILIZAÇÕES. AF_09/2020 | F56: m² | G56: 344.2 | H56: 94.23 | I56: 45.09 | J56: 68.74 | K56: 113.83 | L56: 15519.978 | M56: 23660.302 | N56: 39180.28 | O56: 0.010609488
B57: 3.1.2 | C57: 92762 | D57: SINAPI | E57: ARMAÇÃO DE PILAR OU VIGA DE ESTRUTURA CONVENCIONAL DE CONCRETO ARMADO UTILIZANDO AÇO CA-50 DE 10,0 MM - MONTAGEM. AF_06/2022 | F57: KG | G57: 856.2 | H57: 10.98 | I57: 1.97 | J57: 11.29 | K57: 13.26 | L57: 1686.714 | M57: 9666.496 | N57: 11353.21 | O57: 0.0030742952
B58: 3.1.3 | C58: 92763 | D58: SINAPI | E58: ARMAÇÃO DE PILAR OU VIGA DE ESTRUTURA CONVENCIONAL DE CONCRETO ARMADO UTILIZANDO AÇO CA-50 DE 12,5 MM - MONTAGEM. AF_06/2022 | F58: KG | G58: 85.6 | H58: 9.11 | I58: 1.23 | J58: 9.77 | K58: 11 | L58: 105.288 | M58: 836.312 | N58: 941.6 | O58: 0.0002549725
B59: 3.1.4 | C59: 92764 | D59: SINAPI | E59: ARMAÇÃO DE PILAR OU VIGA DE ESTRUTURA CONVENCIONAL DE CONCRETO ARMADO UTILIZANDO AÇO CA-50 DE 16,0 MM - MONTAGEM. AF_06/2022 | F59: KG | G59: 343.7 | H59: 8.73 | I59: 0.88 | J59: 9.66 | K59: 10.54 | L59: 302.456 | M59: 3320.134 | N59: 3622.59 | O59: 0.00098094821
B60: 3.1.5 | C60: 92759 | D60: SINAPI | E60: ARMAÇÃO DE PILAR OU VIGA DE ESTRUTURA CONVENCIONAL DE CONCRETO ARMADO UTILIZANDO AÇO CA-60 DE 5,0 MM - MONTAGEM. AF_06/2022 | F60: KG | G60: 496.3 | H60: 15.03 | I60: 6.9 | J60: 11.25 | K60: 18.15 | L60: 3424.47 | M60: 5583.37 | N60: 9007.84 | O60: 0.0024392008
B61: 3.1.6 | C61: CPU2284 | D61: Próprio | E61: CONCRETAGEM DE PILARES, FCK = 30 MPA, COM USO DE BOMBA - LANÇAMENTO, ADENSAMENTO E ACABAMENTO. AF_02/2022_PS | F61: m³ | G61: 22.3 | H61: 788.95 | I61: 50.66 | J61: 902.47 | K61: 953.13 | L61: 1129.718 | M61: 20125.072 | N61: 21254.79 | O61: 0.0057555087
B62: 3.1.7 | C62: CPU2532 | D62: Próprio | E62: CONTROLE TECNOLOGICO DE CONCRETOS | F62: m³ | G62: 22.3 | H62: 102.85 | I62: 3.02 | J62: 121.23 | K62: 124.25 | L62: 67.346 | M62: 2703.424 | N62: 2770.77 | O62: 0.00075028692
B63: 3.2 | E63: VIGAS | N63: 188331.68 | O63: 0.050997663
B64: 3.2.1 | C64: 92461 | D64: SINAPI | E64: MONTAGEM E DESMONTAGEM DE FÔRMA DE VIGA, ESCORAMENTO COM GARFO DE MADEIRA, PÉ-DIREITO DUPLO, EM CHAPA DE MADEIRA RESINADA, 8 UTILIZAÇÕES. AF_09/2020 | F64: m² | G64: 380.9 | H64: 218.88 | I64: 92.89 | J64: 171.53 | K64: 264.42 | L64: 35381.801 | M64: 65335.769 | N64: 100717.57 | O64: 0.027272951
B65: 3.2.2 | C65: 92760 | D65: SINAPI | E65: ARMAÇÃO DE PILAR OU VIGA DE ESTRUTURA CONVENCIONAL DE CONCRETO ARMADO UTILIZANDO AÇO CA-50 DE 6,3 MM - MONTAGEM. AF_06/2022 | F65: KG | G65: 384.8 | H65: 13.67 | I65: 4.58 | J65: 11.93 | K65: 16.51 | L65: 1762.384 | M65: 4590.656 | N65: 6353.04 | O65: 0.001720317
B66: 3.2.3 | C66: 92761 | D66: SINAPI | E66: ARMAÇÃO DE PILAR OU VIGA DE ESTRUTURA CONVENCIONAL DE CONCRETO ARMADO UTILIZANDO AÇO CA-50 DE 8,0 MM - MONTAGEM. AF_06/2022 | F66: KG | G66: 113.6 | H66: 12.48 | I66: 3 | J66: 12.07 | K66: 15.07 | L66: 340.8 | M66: 1371.15 | N66: 1711.95 | O66: 0.00046357283
B67: 3.2.4 | C67: 92762 | D67: SINAPI | E67: ARMAÇÃO DE PILAR OU VIGA DE ESTRUTURA CONVENCIONAL DE CONCRETO ARMADO UTILIZANDO AÇO CA-50 DE 10,0 MM - MONTAGEM. AF_06/2022 | F67: KG | G67: 930.4 | H67: 10.98 | I67: 1.97 | J67: 11.29 | K67: 13.26 | L67: 1832.888 | M67: 10504.212 | N67: 12337.1 | O67: 0.0033407193
B68: 3.2.5 | C68: 92763 | D68: SINAPI | E68: ARMAÇÃO DE PILAR OU VIGA DE ESTRUTURA CONVENCIONAL DE CONCRETO ARMADO UTILIZANDO AÇO CA-50 DE 12,5 MM - MONTAGEM. AF_06/2022 | F68: KG | G68: 745.5 | H68: 9.11 | I68: 1.23 | J68: 9.77 | K68: 11 | L68: 916.965 | M68: 7283.535 | N68: 8200.5 | O68: 0.0022205841
B69: 3.2.6 | C69: 92764 | D69: SINAPI | E69: ARMAÇÃO DE PILAR OU VIGA DE ESTRUTURA CONVENCIONAL DE CONCRETO ARMADO UTILIZANDO AÇO CA-50 DE 16,0 MM - MONTAGEM. AF_06/2022 | F69: KG | G69: 323.5 | H69: 8.73 | I69: 0.88 | J69: 9.66 | K69: 10.54 | L69: 284.68 | M69: 3125.01 | N69: 3409.69 | O69: 0.00092329778
B70: 3.2.7 | C70: 92765 | D70: SINAPI | E70: ARMAÇÃO DE PILAR OU VIGA DE ESTRUTURA CONVENCIONAL DE CONCRETO ARMADO UTILIZANDO AÇO CA-50 DE 20,0 MM - MONTAGEM. AF_06/2022 | F70: KG | G70: 53.2 | H70: 9.82 | I70: 0.66 | J70: 11.2 | K70: 11.86 | L70: 35.112 | M70: 595.838 | N70: 630.95 | O70: 0.0001708527
B71: 3.2.8 | C71: 92759 | D71: SINAPI | E71: ARMAÇÃO DE PILAR OU VIGA DE ESTRUTURA CONVENCIONAL DE CONCRETO ARMADO UTILIZANDO AÇO CA-60 DE 5,0 MM - MONTAGEM. AF_06/2022 | F71: KG | G71: 582.4 | H71: 15.03 | I71: 6.9 | J71: 11.25 | K71: 18.15 | L71: 4018.56 | M71: 6552 | N71: 10570.56 | O71: 0.0028623642
B72: 3.2.9 | C72: CPU2283 | D72: Próprio | E72: CONCRETAGEM DE VIGAS E LAJES, FCK=30 MPA, PARA LAJES MACIÇAS OU NERVURADAS COM USO DE BOMBA - LANÇAMENTO, ADENSAMENTO E ACABAMENTO. | F72: m³ | G72: 41.1 | H72: 791.37 | I72: 53.93 | J72: 902.12 | K72: 956.05 | L72: 2216.523 | M72: 37077.127 | N72: 39293.65 | O72: 0.010640187
B73: 3.2.10 | C73: CPU2532 | D73: Próprio | E73: CONTROLE TECNOLOGICO DE CONCRETOS | F73: m³ | G73: 41.1 | H73: 102.85 | I73: 3.02 | J73: 121.23 | K73: 124.25 | L73: 124.122 | M73: 4982.548 | N73: 5106.67 | O73: 0.0013828169
B74: 3.3 | E74: LAJES | N74: 245270.95 | O74: 0.066416045
B75: 3.3.1 | C75: 92515 | D75: SINAPI | E75: MONTAGEM E DESMONTAGEM DE FÔRMA DE LAJE MACIÇA, PÉ-DIREITO DUPLO, EM CHAPA DE MADEIRA COMPENSADA RESINADA, 6 UTILIZAÇÕES. AF_09/2020 | F75: m² | G75: 58.5 | H75: 114.19 | I75: 45 | J75: 92.95 | K75: 137.95 | L75: 2632.5 | M75: 5437.57 | N75: 8070.07 | O75: 0.0021852654
B76: 3.3.2 | C76: 92768 | D76: SINAPI | E76: ARMAÇÃO DE LAJE DE ESTRUTURA CONVENCIONAL DE CONCRETO ARMADO UTILIZANDO AÇO CA-60 DE 5,0 MM - MONTAGEM. AF_06/2022 | F76: KG | G76: 458.5 | H76: 14.33 | I76: 5.91 | J76: 11.4 | K76: 17.31 | L76: 2709.735 | M76: 5226.895 | N76: 7936.63 | O76: 0.0021491317
B77: 3.3.3 | C77: 92769 | D77: SINAPI | E77: ARMAÇÃO DE LAJE DE ESTRUTURA CONVENCIONAL DE CONCRETO ARMADO UTILIZANDO AÇO CA-50 DE 6,3 MM - MONTAGEM. AF_06/2022 | F77: KG | G77: 373.1 | H77: 12.99 | I77: 3.77 | J77: 11.92 | K77: 15.69 | L77: 1406.587 | M77: 4447.343 | N77: 5853.93 | O77: 0.0015851648
B78: 3.3.4 | C78: 92770 | D78: SINAPI | E78: ARMAÇÃO DE LAJE DE ESTRUTURA CONVENCIONAL DE CONCRETO ARMADO UTILIZANDO AÇO CA-50 DE 8,0 MM - MONTAGEM. AF_06/2022 | F78: KG | G78: 605.6 | H78: 11.86 | I78: 2.34 | J78: 11.98 | K78: 14.32 | L78: 1417.104 | M78: 7255.086 | N78: 8672.19 | O78: 0.0023483114
B79: 3.3.5 | C79: 92771 | D79: SINAPI | E79: ARMAÇÃO DE LAJE DE ESTRUTURA CONVENCIONAL DE CONCRETO ARMADO UTILIZANDO AÇO CA-50 DE 10,0 MM - MONTAGEM. AF_06/2022 | F79: KG | G79: 73.6 | H79: 10.4 | I79: 1.41 | J79: 11.15 | K79: 12.56 | L79: 103.776 | M79: 820.634 | N79: 924.41 | O79: 0.00025031768
B80: 3.3.6 | C80: 92773 | D80: SINAPI | E80: ARMAÇÃO DE LAJE DE ESTRUTURA CONVENCIONAL DE CONCRETO ARMADO UTILIZANDO AÇO CA-50 DE 16,0 MM - MONTAGEM. AF_06/2022 | F80: KG | G80: 38.4 | H80: 8.39 | I80: 0.56 | J80: 9.57 | K80: 10.13 | L80: 21.504 | M80: 367.486 | N80: 388.99 | O80: 0.00010533321
B81: 3.3.7 | C81: CPU2283 | D81: Próprio | E81: CONCRETAGEM DE VIGAS E LAJES, FCK=30 MPA, PARA LAJES MACIÇAS OU NERVURADAS COM USO DE BOMBA - LANÇAMENTO, ADENSAMENTO E ACABAMENTO. | F81: m³ | G81: 49.5 | H81: 791.37 | I81: 53.93 | J81: 902.12 | K81: 956.05 | L81: 2669.535 | M81: 44654.935 | N81: 47324.47 | O81: 0.012814824
B82: 3.3.8 | C82: CPU2532 | D82: Próprio | E82: CONTROLE TECNOLOGICO DE CONCRETOS | F82: m³ | G82: 49.5 | H82: 102.85 | I82: 3.02 | J82: 121.23 | K82: 124.25 | L82: 149.49 | M82: 6000.88 | N82: 6150.37 | O82: 0.0016654367
B83: 3.3.9 | C83: CPU2101 | D83: Próprio | E83: Laje pré-fabricada unidirecional em viga treliçada/lajota em EPS LT 12 (8 + 4), exceto capa de concreto | F83: m² | G83: 43.5 | H83: 101.24 | I83: 35.03 | J83: 87.27 | K83: 122.3 | L83: 1523.805 | M83: 3796.245 | N83: 5320.05 | O83: 0.0014405973
B84: 3.3.10 | C84: CPU2100 | D84: Próprio | E84: Laje pré-fabricada unidirecional em viga treliçada/lajota em EPS LT 16 (12 + 4), exceto capa de concreto | F84: m² | G84: 508.13 | H84: 119.98 | I84: 35.03 | J84: 109.91 | K84: 144.94 | L84: 17799.794 | M84: 55848.566 | N84: 73648.36 | O84: 0.019942976
B85: 3.3.11 | C85: CPU2534 | D85: Próprio | E85: FORNECIMENTO E INSTALAÇÃO DE TELA AÇO SOLDADA NERVURADA CA-60, MALHA 20X20CM,FERRO 3.4MM, PAINEL 2X3M, (0,72KG/M²), MALHA POP LEVE GERDAU OU SIMILAR | F85: m² | G85: 645.41 | H85: 19.35 | I85: 18.76 | J85: 4.61 | K85: 23.37 | L85: 12107.892 | M85: 2975.3384 | N85: 15083.23 | O85: 0.004084334
B86: 3.3.12 | C86: 101793 | D86: SINAPI | E86: ESCORAMENTO DE FÔRMAS DE LAJE EM MADEIRA NÃO APARELHADA, PÉ-DIREITO DUPLO, INCLUSO TRAVAMENTO, 4 UTILIZAÇÕES. AF_09/2020 | F86: m³ | G86: 1847.96 | H86: 29.52 | I86: 13.94 | J86: 21.72 | K86: 35.66 | L86: 25760.562 | M86: 40137.688 | N86: 65898.25 | O86: 0.017844352
B87: 3.4 | E87: BASE RESERVATÓRIO | N87: 2227.31 | O87: 0.00060312532
B88: 3.4.1 | C88: 97103 | D88: SINAPI | E88: EXECUÇÃO DE RADIER, ESPESSURA DE 20 CM, FCK = 30 MPA, COM USO DE FORMAS EM MADEIRA SERRADA. AF_09/2021 | F88: m² | G88: 6.25 | H88: 294.99 | I88: 43.06 | J88: 313.31 | K88: 356.37 | L88: 269.125 | M88: 1958.185 | N88: 2227.31 | O88: 0.00060312532
B89: 4 | E89: ALVENARIA, VEDAÇÕES E DIVISÓRIAS | N89: 348825.66 | O89: 0.094457255
B90: 4.1 | E90: ALVENARIA DE VEDAÇÃO | N90: 207514.07 | O90: 0.056191994
B91: 4.1.1 | C91: 103322 | D91: SINAPI | E91: ALVENARIA DE VEDAÇÃO DE BLOCOS CERÂMICOS FURADOS NA VERTICAL DE 9X19X39 CM (ESPESSURA 9 CM) E ARGAMASSA DE ASSENTAMENTO COM PREPARO EM BETONEIRA. AF_12/2021 | F91: m² | G91: 5.63 | H91: 72.07 | I91: 31.14 | J91: 55.92 | K91: 87.06 | L91: 175.3182 | M91: 314.8218 | N91: 490.14 | O91: 0.00013272326
B92: 4.1.2 | C92: 103324 | D92: SINAPI | E92: ALVENARIA DE VEDAÇÃO DE BLOCOS CERÂMICOS FURADOS NA VERTICAL DE 14X19X39 CM (ESPESSURA 14 CM) E ARGAMASSA DE ASSENTAMENTO COM PREPARO EM BETONEIRA. AF_12/2021 | F92: m² | G92: 1104.49 | H92: 96.21 | I92: 44.92 | J92: 71.31 | K92: 116.23 | L92: 49613.691 | M92: 78761.179 | N92: 128374.87 | O92: 0.034762173
B93: 4.1.3 | C93: CPU2535 | D93: Próprio | E93: COBOGO DE CIMENTO (ELEMENTO VAZADO, CIRCULAR), 30 X 30 X 5CM, ASSENTADO COM ARGAMASSA DE CIMENTO E AREIA | F93: m² | G93: 149.87 | H93: 242.21 | I93: 117.96 | J93: 174.65 | K93: 292.61 | L93: 17678.665 | M93: 26174.795 | N93: 43853.46 | O93: 0.011874922
B94: 4.1.4 | C94: 93191 | D94: SINAPI | E94: VERGA MOLDADA IN LOCO COM UTILIZAÇÃO DE BLOCOS CANALETA, ESPESSURA DE *20* CM. AF_03/2024 | F94: M | G94: 176.1 | H94: 82.7 | I94: 28.36 | J94: 71.54 | K94: 99.9 | L94: 4994.196 | M94: 12598.194 | N94: 17592.39 | O94: 0.0047637805
B95: 4.1.5 | C95: 93199 | D95: SINAPI | E95: CONTRAVERGA MOLDADA IN LOCO COM UTILIZAÇÃO DE BLOCOS CANALETA, ESPESSURA DE *20* CM. AF_03/2024 | F95: M | G95: 121.1 | H95: 55.7 | I95: 18.83 | J95: 48.46 | K95: 67.29 | L95: 2280.313 | M95: 5868.497 | N95: 8148.81 | O95: 0.0022065872
B96: 4.1.6 | C96: 93200 | D96: SINAPI | E96: FIXAÇÃO (ENCUNHAMENTO) DE ALVENARIA DE VEDAÇÃO COM ARGAMASSA APLICADA COM BISNAGA. AF_03/2024 | F96: M | G96: 528.57 | H96: 14.18 | I96: 12.9 | J96: 4.23 | K96: 17.13 | L96: 6818.553 | M96: 2235.847 | N96: 9054.4 | O96: 0.0024518086
B97: 4.2 | E97: DRYWALL | N97: 124583.66 | O97: 0.033735564
B98: 4.2.1 | C98: CPU1942 | D98: Próprio | E98: PAREDE COM SISTEMA EM CHAPAS DE GESSO RU PARA DRYWALL, USO INTERNO, COM DUAS FACES SIMPLES E ESTRUTURA METÁLICA COM GUIAS SIMPLES PARA PAREDES COM ÁREA LÍQUIDA MAIOR OU IGUAL A 6 M2, COM VÃOS. AF_07/2023_PS | F98: m² | G98: 210.3 | H98: 122.58 | I98: 21.92 | J98: 126.16 | K98: 148.08 | L98: 4609.776 | M98: 26531.444 | N98: 31141.22 | O98: 0.0084326198
B99: 4.2.2 | C99: CPU2285 | D99: Próprio | E99: PAREDE COM SISTEMA EM CHAPAS DE GESSO ST PARA DRYWALL COM ISOLAMENTO ACUSTICO, USO INTERNO, COM DUAS FACES SIMPLES E ESTRUTURA METÁLICA COM GUIAS SIMPLES PARA PAREDES COM ÁREA LÍQUIDA MAIOR OU IGUAL A 6 M2, COM VÃOS. | F99: m² | G99: 296.95 | H99: 176.24 | I99: 21.92 | J99: 190.99 | K99: 212.91 | L99: 6509.144 | M99: 56714.476 | N99: 63223.62 | O99: 0.017120098
B100: 4.2.3 | C100: CPU2286 | D100: Próprio | E100: PAREDE COM SISTEMA EM CHAPAS DE GESSO RU PARA DRYWALL COM ISOLAMENTO ACUSTICO, USO INTERNO, COM DUAS FACES SIMPLES E ESTRUTURA METÁLICA COM GUIAS SIMPLES PARA PAREDES COM ÁREA LÍQUIDA MAIOR OU IGUAL A 6 M2, COM VÃOS. | F100: m² | G100: 72.99 | H100: 190.7 | I100: 21.92 | J100: 208.46 | K100: 230.38 | L100: 1599.9408 | M100: 15215.489 | N100: 16815.43 | O100: 0.0045533902
B101: 4.2.4 | C101: 96374 | D101: SINAPI | E101: INSTALAÇÃO DE REFORÇO DE MADEIRA EM PAREDE DRYWALL. AF_07/2023 | F101: M | G101: 174.07 | H101: 63.74 | I101: 3.01 | J101: 73.99 | K101: 77 | L101: 523.9507 | M101: 12879.439 | N101: 13403.39 | O101: 0.0036294561
B102: 4.3 | E102: DIVISÓRIAS | N102: 16727.93 | O102: 0.0045296964
B103: 4.3.1 | C103: 102257 | D103: SINAPI | E103: DIVISORIA SANITÁRIA, TIPO CABINE, EM PAINEL DE GRANILITE, ESP = 3CM, ASSENTADO COM ARGAMASSA COLANTE AC III-E, EXCLUSIVE FERRAGENS. AF_01/2021 | F103: m² | G103: 26.14 | H103: 333.39 | I103: 94.81 | J103: 307.95 | K103: 402.76 | L103: 2478.3334 | M103: 8049.8066 | N103: 10528.14 | O103: 0.0028508774
B104: 4.3.2 | C104: CPU3162 | D104: Próprio | E104: DIVISORIA NAVAL (PAINEL COM VIDRO), E=40MM, COM PERFIS EM AÇO - FORNECIMENTO E APLICAÇÃO | F104: m² | G104: 34.77 | H104: 130 | I104: 0 | J104: 157.05 | K104: 157.05 | L104: 0 | M104: 5460.62 | N104: 5460.62 | O104: 0.0014786618
B105: 4.3.3 | C105: CPU3163 | D105: Próprio | E105: LAMBRI CHAPA ALUMINIO ANODIZADO EM PAREDES | F105: m² | G105: 4.56 | H105: 134.18 | I105: 61.07 | J105: 101.03 | K105: 162.1 | L105: 278.4792 | M105: 460.6908 | N105: 739.17 | O105: 0.00020015721
B106: 5 | E106: COBERTURA | N106: 161861.57 | O106: 0.043829917
B107: 5.1 | E107: ESTRUTURA | N107: 93843.33 | O107: 0.0254115
B108: 5.1.1 | C108: CPU2898 | D108: Próprio | E108: ESTRUTURA METÁLICA COM LIGAÇÕES PARAFUSADAS, INCLUSOS PERFIS METÁLICOS, CHAPAS METÁLICAS, MÃO DE OBRA E TRANSPORTE COM GUINDASTE - FORNECIMENTO E INSTALAÇÃO. | F108: KG | G108: 910.26 | H108: 19.04 | I108: 1.79 | J108: 21.21 | K108: 23 | L108: 1629.3654 | M108: 19306.615 | N108: 20935.98 | O108: 0.0056691793
B109: 5.1.2 | C109: 100383 | D109: SINAPI | E109: FABRICAÇÃO E INSTALAÇÃO DE PONTALETES DE MADEIRA NÃO APARELHADA PARA TELHADOS COM ATÉ 2 ÁGUAS E COM TELHA ONDULADA DE FIBROCIMENTO, ALUMÍNIO OU PLÁSTICA EM EDIFÍCIO RESIDENCIAL DE MÚLTIPLOS PAVIMENTOS, INCLUSO TRANSPORTE VERTICAL. AF_07/2019 | F109: m² | G109: 613.75 | H109: 49.91 | I109: 8.06 | J109: 52.23 | K109: 60.29 | L109: 4946.825 | M109: 32056.155 | N109: 37002.98 | O109: 0.010019905
B110: 5.1.3 | C110: 92543 | D110: SINAPI | E110: TRAMA DE MADEIRA COMPOSTA POR TERÇAS PARA TELHADOS DE ATÉ 2 ÁGUAS PARA TELHA ONDULADA DE FIBROCIMENTO, METÁLICA, PLÁSTICA OU TERMOACÚSTICA, INCLUSO TRANSPORTE VERTICAL. AF_07/2019 | F110: m² | G110: 613.75 | H110: 48.43 | I110: 6.71 | J110: 51.79 | K110: 58.5 | L110: 4118.2625 | M110: 31786.107 | N110: 35904.37 | O110: 0.0097224162
B111: 5.2 | E111: TELHAMENTO | N111: 37255.91 | O111: 0.010088395
B112: 5.2.1 | C112: 94207 | D112: SINAPI | E112: TELHAMENTO COM TELHA ONDULADA DE FIBROCIMENTO E = 6 MM, COM RECOBRIMENTO LATERAL DE 1/4 DE ONDA PARA TELHADO COM INCLINAÇÃO MAIOR QUE 10°, COM ATÉ 2 ÁGUAS, INCLUSO IÇAMENTO. AF_07/2019 | F112: m² | G112: 613.75 | H112: 46.66 | I112: 8.55 | J112: 47.81 | K112: 56.36 | L112: 5247.5625 | M112: 29343.388 | N112: 34590.95 | O112: 0.0093667598
B113: 5.2.2 | C113: CPU3093 | D113: Próprio | E113: COBERTURA EM CHAPA POLICARBONATO ALVEOLAR 10MM | F113: m² | G113: 21.99 | H113: 100.32 | I113: 0 | J113: 121.19 | K113: 121.19 | L113: 0 | M113: 2664.96 | N113: 2664.96 | O113: 0.000721635
...

Sheet ORC. ANALÍTICO
B2: PLANILHA DE ORÇAMENTO ANALÍTICO
B8: ='DADOS GERAIS'!$B$8 -> Secretaria da Saúde - Timbó | F8: =RESUMO!D8 -> BDI Geral: | K8: ='DADOS GERAIS'!$B$22 -> Data:
B9: ='DADOS GERAIS'!$B$9 -> Unidade Básica de Saúde Porte 3 - Área Construída: 813,73m² | F9: =RESUMO!D9 -> 0.20814987 | K9: ='DADOS GERAIS'!$C$22 -> 28/08/2025
B10: Localização
B11: RUA TIROLESES, 515, Bairro CAPITAIS, Complemento - , CEP 89095-450
B12: =RESUMO!B12 -> Bancos: | K12: ='DADOS GERAIS'!$B$23 -> Revisão:
B13: ='DADOS GERAIS'!$B$13 -> SINAPI (07/2025) - CPOS/CDHU (06/2025) - SBC (08/2025) - ORSE (06/2025) - IOPES (05/2025) - EMOP (07/2025) - SIURB (01/2025) | K13: ='DADOS GERAIS'!$C$23 -> 00
B16: Item | C16: Código | D16: Banco | E16: Descrição | F16: Und | G16: Und | I16: Quant. | K16: Total
B18: 1 | E18: SERVIÇOS PRELIMINARES E INDIRETOS | K18: 361997.25
B19: 1.1 | E19: CANTEIRO DE OBRAS | K19: 203956.36
B20: 1.1.1 | C20: Código | D20: Banco | E20: Descrição | F20: Tipo | H20: Und | I20: Quant. | J20: Valor Unit | K20: Total
B21: Composição | C21: CPU2526 | D21: Próprio | E21: LOCAÇÃO DE CONTAINER TIPO DEPÓSITO - ÁREA MÍNIMA DE 13,80 M2 | F21: CANT - CANTEIRO DE OBRAS | H21: UNXMÊS | I21: 1 | J21: 981.52 | K21: 981.52
B22: Composição Auxiliar | C22: 88247 | D22: SINAPI | E22: AUXILIAR DE ELETRICISTA COM ENCARGOS COMPLEMENTARES | F22: Livro SINAPI: Cálculos e Parâmetros | H22: H | I22: 1.32 | J22: 27.19 | K22: 35.89
B23: Composição Auxiliar | C23: 88264 | D23: SINAPI | E23: ELETRICISTA COM ENCARGOS COMPLEMENTARES | F23: Livro SINAPI: Cálculos e Parâmetros | H23: H | I23: 0.99 | J23: 43.64 | K23: 43.2
B24: Composição Auxiliar | C24: 88316 | D24: SINAPI | E24: SERVENTE COM ENCARGOS COMPLEMENTARES | F24: Livro SINAPI: Cálculos e Parâmetros | H24: H | I24: 1.32 | J24: 24.73 | K24: 32.64
B25: Insumo | C25: A.12.000.021099 | D25: CPOS/CDHU | E25: CONTAINER DEPÓSITO, MÓDULO METÁLICO EM AÇO GALVANIZADO DE 6,0X2,3X2,5M, VÃO LIVRE, PISO DE CONCRETO, CIMENTADO, MADEIRA OU MATERIAL EQUIVALENTE | F25: Material | H25: unxmês | I25: 1 | J25: 869.79 | K25: 869.79
F26: MO sem LS => | G26: 96.46 | H26: LS => | I26: 0 | J26: MO com LS => | K26: 96.46
F27: Valor do BDI => | G27: 204.25 | I27: Valor com BDI => | K27: 1185.77
H28: Quant. => | I28: 28,00 | J28: Preço Total => | K28: 33201.56
B30: 1.1.2 | C30: Código | D30: Banco | E30: Descrição | F30: Tipo | H30: Und | I30: Quant. | J30: Valor Unit | K30: Total
B31: Composição | C31: CPU2527 | D31: Próprio | E31: BARRACÃO ABERTO PARA APOIO À PRODUÇÃO (CARPINTARIA, CENTRAL DE ARMAÇÃO, OFICINA, ETC.) C/ TESOURAS, TELHA 4MM, PISO EM CONCRETO DESEMPOLADO | F31: CANT - CANTEIRO DE OBRAS | H31: m² | I31: 1 | J31: 314.69 | K31: 314.69
B32: Composição Auxiliar | C32: 94207 | D32: SINAPI | E32: TELHAMENTO COM TELHA ONDULADA DE FIBROCIMENTO E = 6 MM, COM RECOBRIMENTO LATERAL DE 1/4 DE ONDA PARA TELHADO COM INCLINAÇÃO MAIOR QUE 10°, COM ATÉ 2 ÁGUAS, INCLUSO IÇAMENTO. AF_07/2019 | F32: Telhamento para Cobertura | H32: m² | I32: 1 | J32: 46.66 | K32: 46.66
B33: Composição Auxiliar | C33: 101747 | D33: SINAPI | E33: PISO EM CONCRETO 20 MPA PREPARO MECÂNICO, ESPESSURA 7CM. AF_09/2020 | F33: Pisos | H33: m² | I33: 1 | J33: 85.8 | K33: 85.8
B34: Composição Auxiliar | C34: 100382 | D34: SINAPI | E34: FABRICAÇÃO E INSTALAÇÃO DE PONTALETES DE MADEIRA NÃO APARELHADA PARA TELHADOS COM ATÉ 2 ÁGUAS E COM TELHA ONDULADA DE FIBROCIMENTO, ALUMÍNIO OU PLÁSTICA EM EDIFÍCIO RESIDENCIAL TÉRREO, INCLUSO TRANSPORTE VERTICAL. AF_07/2019 | F34: Estrutura e Trama para Cobertura | H34: m² | I34: 1 | J34: 46.57 | K34: 46.57
B35: Composição Auxiliar | C35: 97083 | D35: SINAPI | E35: COMPACTAÇÃO MECÂNICA DE SOLO PARA EXECUÇÃO DE RADIER, PISO DE CONCRETO OU LAJE SOBRE SOLO, COM COMPACTADOR DE SOLOS A PERCUSSÃO. AF_09/2021 | F35: Radier, Piso de Concreto e Laje sobre Solo | H35: m² | I35: 1 | J35: 3.99 | K35: 3.99
B36: Composição Auxiliar | C36: 92562 | D36: SINAPI | E36: FABRICAÇÃO E INSTALAÇÃO DE TESOURA INTEIRA EM MADEIRA NÃO APARELHADA, VÃO DE 10 M, PARA TELHA ONDULADA DE FIBROCIMENTO, METÁLICA, PLÁSTICA OU TERMOACÚSTICA, INCLUSO IÇAMENTO. AF_07/2019 | F36: Estrutura e Trama para Cobertura | H36: UN | I36: 0.03 | J36: 4389.08 | K36: 131.67
F37: MO sem LS => | G37: 54.18 | H37: LS => | I37: 0 | J37: MO com LS => | K37: 54.18
F38: Valor do BDI => | G38: 65.48 | I38: Valor com BDI => | K38: 380.17
H39: Quant. => | I39: 25,00 | J39: Preço Total => | K39: 9504.25
B41: 1.1.3 | C41: Código | D41: Banco | E41: Descrição | F41: Tipo | H41: Und | I41: Quant. | J41: Valor Unit | K41: Total
B42: Composição | C42: CPU2528 | D42: Próprio | E42: LOCAÇÃO DE CONTAINER - BANHEIRO COM CHUVEIROS E VASOS - 4,30 X 2,30M | F42: CANT - CANTEIRO DE OBRAS | H42: MÊS | I42: 1 | J42: 962.26 | K42: 962.26
B43: Insumo | C43: 00010777 | D43: SINAPI | E43: LOCACAO DE CONTAINER 2,30 X 4,30 M, ALT. 2,50 M, PARA SANITARIO, COM 3 BACIAS, 4 CHUVEIROS, 1 LAVATORIO E 1 MICTORIO (NAO INCLUI MOBILIZACAO/DESMOBILIZACAO) | F43: Equipamento | H43: MES | I43: 1 | J43: 962.26 | K43: 962.26
F44: MO sem LS => | G44: 0 | H44: LS => | I44: 0 | J44: MO com LS => | K44: 0
F45: Valor do BDI => | G45: 200.24 | I45: Valor com BDI => | K45: 1162.5
H46: Quant. => | I46: 14,00 | J46: Preço Total => | K46: 16275
B48: 1.1.4 | C48: Código | D48: Banco | E48: Descrição | F48: Tipo | H48: Und | I48: Quant. | J48: Valor Unit | K48: Total
B49: Composição | C49: CPU2529 | D49: Próprio | E49: BARRACAO PARA REFEITORIO EM OBRAS EM COMPENSADO | F49: CANT - CANTEIRO DE OBRAS | H49: m² | I49: 1 | J49: 1346.87 | K49: 1346.87
B50: Composição Auxiliar | C50: 88262 | D50: SINAPI | E50: CARPINTEIRO DE FORMAS COM ENCARGOS COMPLEMENTARES | F50: Livro SINAPI: Cálculos e Parâmetros | H50: H | I50: 8.419 | J50: 36.35 | K50: 306.03
B51: Composição Auxiliar | C51: 88316 | D51: SINAPI | E51: SERVENTE COM ENCARGOS COMPLEMENTARES | F51: Livro SINAPI: Cálculos e Parâmetros | H51: H | I51: 13.053 | J51: 24.73 | K51: 322.8
B52: Composição Auxiliar | C52: 88239 | D52: SINAPI | E52: AJUDANTE DE CARPINTEIRO COM ENCARGOS COMPLEMENTARES | F52: Livro SINAPI: Cálculos e Parâmetros | H52: H | I52: 12.075 | J52: 26.44 | K52: 319.26
B53: Insumo | C53: 00004491 | D53: SINAPI | E53: PONTALETE *7,5 X 7,5* CM EM PINUS, MISTA OU EQUIVALENTE DA REGIAO - BRUTA | F53: Material | H53: M | I53: 10.12 | J53: 7.23 | K53: 73.16
B54: Insumo | C54: 00007213 | D54: SINAPI | E54: TELHA DE FIBROCIMENTO ONDULADA E = 4 MM, DE 2,44 X 0,50 M (SEM AMIANTO) | F54: Material | H54: m² | I54: 0.84 | J54: 17.79 | K54: 14.94
B55: Insumo | C55: 00020205 | D55: SINAPI | E55: RIPA APARELHADA *1,5 X 5* CM, EM MACARANDUBA/MASSARANDUBA, ANGELIM OU EQUIVALENTE DA REGIAO | F55: Material | H55: M | I55: 4.949 | J55: 7.89 | K55: 39.04
B56: Insumo | C56: 00002420 | D56: SINAPI | E56: DOBRADICA EM ACO/FERRO, 3" X 2 1/2", E= 1,9 A 2 MM, SEM ANEL, CROMADO OU ZINCADO, TAMPA BOLA, COM PARAFUSOS | F56: Material | H56: UN | I56: 0.48 | J56: 20.07 | K56: 9.63
B57: Insumo | C57: 00043614 | D57: SINAPI | E57: TABUA NAO APARELHADA *2,5 X 15* CM, EM MACARANDUBA/MASSARANDUBA, ANGELIM OU EQUIVALENTE DA REGIAO - BRUTA | F57: Material | H57: M | I57: 6.26 | J57: 35.99 | K57: 225.29
B58: Insumo | C58: 00005068 | D58: SINAPI | E58: PREGO DE ACO POLIDO COM CABECA 17 X 21 (2 X 11) | F58: Material | H58: KG | I58: 0.421 | J58: 17.5 | K58: 7.36
B59: Insumo | C59: 00039027 | D59: SINAPI | E59: PREGO DE ACO POLIDO COM CABECA 19 X 36 (3 1/4 X 9) | F59: Material | H59: KG | I59: 1.68 | J59: 17.48 | K59: 29.36
F60: MO sem LS => | G60: 812.2 | H60: LS => | I60: 0 | J60: MO com LS => | K60: 812.2
F61: Valor do BDI => | G61: 280.28 | I61: Valor com BDI => | K61: 1627.15
H62: Quant. => | I62: 35,00 | J62: Preço Total => | K62: 56950.25
B64: 1.1.5 | C64: Código | D64: Banco | E64: Descrição | F64: Tipo | H64: Und | I64: Quant. | J64: Valor Unit | K64: Total
B65: Composição | C65: 95648 | D65: SINAPI | E65: KIT CAVALETE PARA MEDIÇÃO DE ÁGUA - ENTRADA INDIVIDUALIZADA, EM CPVC DN 28 MM (1"), PARA 1 MEDIDOR - FORNECIMENTO E INSTALAÇÃO (EXCLUSIVE HIDRÔMETRO). AF_03/2024 | F65: Sistemas de Medição | H65: UN | I65: 1 | J65: 544.56 | K65: 544.56
B66: Composição Auxiliar | C66: 88248 | D66: SINAPI | E66: AUXILIAR DE ENCANADOR OU BOMBEIRO HIDRÁULICO COM ENCARGOS COMPLEMENTARES | F66: Livro SINAPI: Cálculos e Parâmetros | H66: H | I66: 1.6421 | J66: 26.08 | K66: 42.82
B67: Composição Auxiliar | C67: 88267 | D67: SINAPI | E67: ENCANADOR OU BOMBEIRO HIDRÁULICO COM ENCARGOS COMPLEMENTARES | F67: Livro SINAPI: Cálculos e Parâmetros | H67: H | I67: 1.6421 | J67: 34.46 | K67: 56.58
B68: Insumo | C68: 00037960 | D68: SINAPI | E68: JOELHO CPVC, SOLDAVEL, 90 GRAUS, 54 MM, PARA AGUA QUENTE | F68: Material | H68: UN | I68: 2 | J68: 55.32 | K68: 110.64
B69: Insumo | C69: 00038007 | D69: SINAPI | E69: CONECTOR, CPVC, SOLDAVEL, 28 MM X 1", PARA AGUA QUENTE | F69: Material | H69: UN | I69: 2 | J69: 24.19 | K69: 48.38
B70: Insumo | C70: 00038029 | D70: SINAPI | E70: TUBO CPVC, SOLDAVEL, 54 MM, AGUA QUENTE PREDIAL (NBR 15884) | F70: Material | H70: M | I70: 0.9444 | J70: 70.41 | K70: 66.49
B71: Insumo | C71: 00021125 | D71: SINAPI | E71: TUBO CPVC, SOLDAVEL, 28 MM, AGUA QUENTE PREDIAL (NBR 15884) | F71: Material | H71: M | I71: 2.9905 | J71: 27.51 | K71: 82.26
B72: Insumo | C72: 00006019 | D72: SINAPI | E72: REGISTRO GAVETA BRUTO EM LATAO FORJADO, BITOLA 1" | F72: Material | H72: UN | I72: 1 | J72: 55.29 | K72: 55.29
B73: Insumo | C73: 00021114 | D73: SINAPI | E73: ADESIVO PARA TUBOS CPVC, *75* G | F73: Material | H73: UN | I73: 0.98 | J73: 40.44 | K73: 39.63
B74: Insumo | C74: 00044400 | D74: SINAPI | E74: BUCHA DE REDUCAO CPVC, SOLDAVEL, 54 X 28 MM, PARA AGUA QUENTE | F74: Material | H74: UN | I74: 1 | J74: 26.69 | K74: 26.69
B75: Insumo | C75: 00003148 | D75: SINAPI | E75: FITA VEDA ROSCA, EM PTFE, ROLO DE 18 MM X 50 M (L X C) | F75: Material | H75: UN | I75: 0.0132 | J75: 17.15 | K75: 0.22
B76: Insumo | C76: 00037957 | D76: SINAPI | E76: JOELHO CPVC, SOLDAVEL, 90 GRAUS, 28 MM, PARA AGUA QUENTE | F76: Material | H76: UN | I76: 2 | J76: 7.78 | K76: 15.56
F77: MO sem LS => | G77: 87.68 | H77: LS => | I77: 0 | J77: MO com LS => | K77: 87.68
F78: Valor do BDI => | G78: 113.32 | I78: Valor com BDI => | K78: 657.88
H79: Quant. => | I79: 1,00 | J79: Preço Total => | K79: 657.88
B81: 1.1.6 | C81: Código | D81: Banco | E81: Descrição | F81: Tipo | H81: Und | I81: Quant. | J81: Valor Unit | K81: Total
B82: Composição | C82: 95673 | D82: SINAPI | E82: HIDRÔMETRO DN 1/2", 1,5 M3/H - FORNECIMENTO E INSTALAÇÃO. AF_03/2024 | F82: Sistemas de Medição | H82: UN | I82: 1 | J82: 176.19 | K82: 176.19
B83: Composição Auxiliar | C83: 88267 | D83: SINAPI | E83: ENCANADOR OU BOMBEIRO HIDRÁULICO COM ENCARGOS COMPLEMENTARES | F83: Livro SINAPI: Cálculos e Parâmetros | H83: H | I83: 0.4315 | J83: 34.46 | K83: 14.86
B84: Composição Auxiliar | C84: 88248 | D84: SINAPI | E84: AUXILIAR DE ENCANADOR OU BOMBEIRO HIDRÁULICO COM ENCARGOS COMPLEMENTARES | F84: Livro SINAPI: Cálculos e Parâmetros | H84: H | I84: 0.4315 | J84: 26.08 | K84: 11.25
B85: Insumo | C85: 00003148 | D85: SINAPI | E85: FITA VEDA ROSCA, EM PTFE, ROLO DE 18 MM X 50 M (L X C) | F85: Material | H85: UN | I85: 0.0106 | J85: 17.15 | K85: 0.18
B86: Insumo | C86: 00012769 | D86: SINAPI | E86: HIDROMETRO UNIJATO / MEDIDOR DE AGUA, DN 1/2", VAZAO MAXIMA DE 1,5 M3/H, PARA AGUA POTAVEL FRIA, RELOJOARIA PLANA, CLASSE B, HORIZONTAL (SEM CONEXOES) | F86: Material | H86: UN | I86: 1 | J86: 149.9 | K86: 149.9
F87: MO sem LS => | G87: 23.03 | H87: LS => | I87: 0 | J87: MO com LS => | K87: 23.03
F88: Valor do BDI => | G88: 36.66 | I88: Valor com BDI => | K88: 212.85
H89: Quant. => | I89: 1,00 | J89: Preço Total => | K89: 212.85
B91: 1.1.7 | C91: Código | D91: Banco | E91: Descrição | F91: Tipo | H91: Und | I91: Quant. | J91: Valor Unit | K91: Total
B92: Composição | C92: 101509 | D92: SINAPI | E92: ENTRADA DE ENERGIA ELÉTRICA, AÉREA, TRIFÁSICA, COM CAIXA DE EMBUTIR, CABO DE 10 MM2 E DISJUNTOR DIN 50A (NÃO INCLUSO O POSTE DE CONCRETO). AF_07/2020 | F92: Instalações Elétricas - Rede de Distribuição | H92: UN | I92: 1 | J92: 2178.7 | K92: 2178.7
B93: Composição Auxiliar | C93: 91872 | D93: SINAPI | E93: ELETRODUTO RÍGIDO ROSCÁVEL, PVC, DN 32 MM (1"), PARA CIRCUITOS TERMINAIS, INSTALADO EM PAREDE - FORNECIMENTO E INSTALAÇÃO. AF_03/2023 | F93: Instalações Elétricas - Eletrodutos Embutidos, Cabos, Caixas, Tomadas e Interruptores | H93: M | I93: 6.05 | J93: 21.85 | K93: 132.19
B94: Composição Auxiliar | C94: 88247 | D94: SINAPI | E94: AUXILIAR DE ELETRICISTA COM ENCARGOS COMPLEMENTARES | F94: Livro SINAPI: Cálculos e Parâmetros | H94: H | I94: 0.3233 | J94: 27.19 | K94: 8.79
B95: Composição Auxiliar | C95: 91885 | D95: SINAPI | E95: LUVA PARA ELETRODUTO, PVC, ROSCÁVEL, DN 32 MM (1"), PARA CIRCUITOS TERMINAIS, INSTALADA EM PAREDE - FORNECIMENTO E INSTALAÇÃO. AF_03/2023 | F95: Instalações Elétricas - Eletrodutos Embutidos, Cabos, Caixas, Tomadas e Interruptores | H95: UN | I95: 1 | J95: 17 | K95: 17
B96: Composição Auxiliar | C96: 87367 | D96: SINAPI | E96: ARGAMASSA TRAÇO 1:1:6 (EM VOLUME DE CIMENTO, CAL E AREIA MÉDIA ÚMIDA) PARA EMBOÇO/MASSA ÚNICA/ASSENTAMENTO DE ALVENARIA DE VEDAÇÃO, PREPARO MANUAL. AF_08/2019 | F96: Argamassas | H96: m³ | I96: 0.0194 | J96: 787.18 | K96: 15.27
B97: Composição Auxiliar | C97: 96986 | D97: SINAPI | E97: HASTE DE ATERRAMENTO, DIÂMETRO 3/4", COM 3 METROS - FORNECIMENTO E INSTALAÇÃO. AF_08/2023 | F97: Sistema de Proteção contra Descargas Atmosféricas - SPDA | H97: UN | I97: 1 | J97: 125.81 | K97: 125.81
B98: Composição Auxiliar | C98: 93673 | D98: SINAPI | E98: DISJUNTOR TRIPOLAR TIPO DIN, CORRENTE NOMINAL DE 50A - FORNECIMENTO E INSTALAÇÃO. AF_07/2025 | F98: Instalações Elétricas - Quadros, Cabos, Disjuntores, Contatores e Barramentos Blindados | H98: UN | I98: 1 | J98: 102.07 | K98: 102.07
B99: Composição Auxiliar | C99: 91919 | D99: SINAPI | E99: CURVA 180 GRAUS PARA ELETRODUTO, PVC, ROSCÁVEL, DN 32 MM (1"), PARA CIRCUITOS TERMINAIS, INSTALADA EM PAREDE - FORNECIMENTO E INSTALAÇÃO. AF_03/2023 | F99: Instalações Elétricas - Eletrodutos Embutidos, Cabos, Caixas, Tomadas e Interruptores | H99: UN | I99: 1 | J99: 28.78 | K99: 28.78
B100: Composição Auxiliar | C100: 104749 | D100: SINAPI | E100: CONECTOR GRAMPO METÁLICO TIPO OLHAL, PARA SPDA, PARA HASTE DE ATERRAMENTO DE 3/4'' E CABOS DE 10 A 50 MM2 - FORNECIMENTO E INSTALAÇÃO. AF_08/2023 | F100: Sistema de Proteção contra Descargas Atmosféricas - SPDA | H100: UN | I100: 1 | J100: 23.36 | K100: 23.36
B101: Composição Auxiliar | C101: 91933 | D101: SINAPI | E101: CABO DE COBRE FLEXÍVEL ISOLADO, 10 MM², ANTI-CHAMA 0,6/1,0 KV, PARA CIRCUITOS TERMINAIS - FORNECIMENTO E INSTALAÇÃO. AF_03/2023 | F101: Instalações Elétricas - Eletrodutos Embutidos, Cabos, Caixas, Tomadas e Interruptores | H101: M | I101: 22.2 | J101: 18.26 | K101: 405.37
B102: Composição Auxiliar | C102: 100578 | D102: SINAPI | E102: ASSENTAMENTO DE POSTE DE CONCRETO COM COMPRIMENTO NOMINAL DE 9 M, CARGA NOMINAL MENOR OU IGUAL A 1000 DAN, ENGASTAMENTO SIMPLES COM 1,5 M DE SOLO (NÃO INCLUI FORNECIMENTO). AF_04/2025 | F102: Postes de Concreto e Metálicos | H102: UN | I102: 1 | J102: 664.11 | K102: 664.11
B103: Composição Auxiliar | C103: 91917 | D103: SINAPI | E103: CURVA 90 GRAUS PARA ELETRODUTO, PVC, ROSCÁVEL, DN 32 MM (1"), PARA CIRCUITOS TERMINAIS, INSTALADA EM PAREDE - FORNECIMENTO E INSTALAÇÃO. AF_03/2023 | F103: Instalações Elétricas - Eletrodutos Embutidos, Cabos, Caixas, Tomadas e Interruptores | H103: UN | I103: 1 | J103: 26.98 | K103: 26.98
... B114: Insumo | C114: 00014153 | D114: SINAPI | E114: FITA METALICA PERFURADA, L = *18* MM, ROLO DE 30 M, CARGA RECOMENDADA = *30* KGF | F114: Material | H114: UN | I114: 0.06 | J114: 61.72 | K114: 3.7
F115: MO sem LS => | G115: 660.35 | H115: LS => | I115: 0 | J115: MO com LS => | K115: 660.35
F116: Valor do BDI => | G116: 453.38 | I116: Valor com BDI => | K116: 2632.08
H117: Quant. => | I117: 1,00 | J117: Preço Total => | K117: 2632.08
B119: 1.1.8 | C119: Código | D119: Banco | E119: Descrição | F119: Tipo | H119: Und | I119: Quant. | J119: Valor Unit | K119: Total
B120: Composição | C120: 103689 | D120: SINAPI | E120: FORNECIMENTO E INSTALAÇÃO DE PLACA DE OBRA COM CHAPA GALVANIZADA E ESTRUTURA DE MADEIRA. AF_03/2022_PS | F120: Sinalização Vertical Viária | H120: m² | I120: 1 | J120: 467.47 | K120: 467.47
B121: Composição Auxiliar | C121: 88262 | D121: SINAPI | E121: CARPINTEIRO DE FORMAS COM ENCARGOS COMPLEMENTARES | F121: Livro SINAPI: Cálculos e Parâmetros | H121: H | I121: 0.3729 | J121: 36.35 | K121: 13.55
B122: Composição Auxiliar | C122: 88316 | D122: SINAPI | E122: SERVENTE COM ENCARGOS COMPLEMENTARES | F122: Livro SINAPI: Cálculos e Parâmetros | H122: H | I122: 1.1186 | J122: 24.73 | K122: 27.66
B123: Composição Auxiliar | C123: 102234 | D123: SINAPI | E123: PINTURA IMUNIZANTE PARA MADEIRA, 2 DEMÃOS. AF_01/2021 | F123: Pintura em Madeira | H123: m² | I123: 0.5 | J123: 27.78 | K123: 13.89
B124: Insumo | C124: 00004813 | D124: SINAPI | E124: PLACA DE OBRA (PARA CONSTRUCAO CIVIL) EM CHAPA GALVANIZADA *N. 22*, ADESIVADA, DE *2,4 X 1,2* M (SEM POSTES PARA FIXACAO) | F124: Material | H124: m² | I124: 1 | J124: 400 | K124: 400
B125: Insumo | C125: 00005069 | D125: SINAPI | E125: PREGO DE ACO POLIDO COM CABECA 17 X 27 (2 1/2 X 11) | F125: Material | H125: KG | I125: 0.0132 | J125: 17.83 | K125: 0.23
B126: Insumo | C126: 00004509 | D126: SINAPI | E126: SARRAFO *2,5 X 10* CM EM PINUS, MISTA OU EQUIVALENTE DA REGIAO - BRUTA | F126: Material | H126: M | I126: 3.2083 | J126: 3.67 | K126: 11.77
...

Sheet BDI SEM DESONERAÇÃO
B2: BONIFICAÇÕES E DESPESAS INDIRETAS
B8: ='DADOS GERAIS'!B8 -> Secretaria da Saúde - Timbó | D8: BDI Geral: | F8: ='DADOS GERAIS'!$B$22 -> Data:
B9: ='DADOS GERAIS'!B9 -> Unidade Básica de Saúde Porte 3 - Área Construída: 813,73m² | D9: ='DADOS GERAIS'!C20 -> 0.20814987 | F9: ='DADOS GERAIS'!$C$22 -> 28/08/2025
B10: ='DADOS GERAIS'!B10 -> Localização
B11: ='DADOS GERAIS'!B11 -> RUA TIROLESES, 515, Bairro CAPITAIS, Complemento - , CEP 89095-450
B12: ='DADOS GERAIS'!B12 -> Bancos: | F12: ='DADOS GERAIS'!$B$23 -> Revisão:
B13: ='DADOS GERAIS'!B13 -> SINAPI (07/2025) - CPOS/CDHU (06/2025) - SBC (08/2025) - ORSE (06/2025) - IOPES (05/2025) - EMOP (07/2025) - SIURB (01/2025) | F13: ='DADOS GERAIS'!$C$23 -> 00
B16: Fórmula (Bonificações e Despesas Indiretas):
B23: ITEM | C23: DESCRIÇÃO | D23: CÓD | E23: GERAL VALORES PROPOSTOS (%) | F23: EQUIPAMENTOS VALORES PROPOSTOS (%)
B26: 1 | C26: Administração Central | D26: AC | E26: 0.04 | F26: 0.0345
B27: 2 | C27: Riscos | D27: R | E27: 0.0127 | F27: 0.0085
B28: 3 | C28: Seguros e Garantias | D28: SG | E28: 0.008 | F28: 0.0048
B29: 4 | C29: Despesas Financeiras | D29: DF | E29: 0.0123 | F29: 0.0085
B30: 5 | C30: Lucro | D30: L | E30: 0.0616 | F30: 0.035
B31: 6 | C31: Impostos | D31: I | E31: =SUM(E32:E35) -> 0.0565 | F31: =SUM(F32:F35) -> 0.0365
B32: 6.1 | C32: PIS | E32: 0.0065 | F32: 0.0065
B33: 6.2 | C33: COFINS | E33: 0.03 | F33: 0.03
B34: 6.3 | C34: ISSQN | E34: 0.02 | F34: 0
B35: 6.4 | C35: CPRB | E35: 0 | F35: 0
B37: BDI | E37: =((1+E26+E27+E28)*(1+E29)*(1+E30)/(1-E31))-1 -> 0.20814987 | F37: =((1+F26+F27+F28)*(1+F29)*(1+F30)/(1-F31))-1 -> 0.13512301
B40: FONTE:
B41: 1. | C41: Tribunal de Contas da União - TC 036.076/2011-2 - Acórdão Nº 2622/2013
B42: 2. | C42: ISS conforme a Lei Complementar 116/2003 e a Lei 11.438/1997 da Prefeitura Municipal de São Paulo.
B44: NOTAS:
B45: 1. | C45: Deverão ser obedecidas as legislações trabalhistas e tributária vigentes, inclusive acordos de classes, sob pena de desclassificação da Proposta de Preços;
B46: 2. | C46: É de responsabilidade da proponente a adequação de todas as fórmulas utilizadas na planilha orçamentária.
B48: ________________________________________________________________________________
B52: ='DADOS GERAIS'!C24 -> Thaenne Hellen Beber
B53: ='DADOS GERAIS'!C25 -> Engenheira Civil - CREA SC 186217-6

Sheet ENCARGOS SOCIAIS
B2: COMPOSIÇÃO ANALÍTICA DAS TAXAS DE ENCARGOS SOCIAIS
B8: ='DADOS GERAIS'!B8 -> Secretaria da Saúde - Timbó | D8: BDI Geral: | F8: ='DADOS GERAIS'!$B$22 -> Data:
B9: ='DADOS GERAIS'!B9 -> Unidade Básica de Saúde Porte 3 - Área Construída: 813,73m² | D9: ='DADOS GERAIS'!C20 -> 0.20814987 | F9: ='DADOS GERAIS'!$C$22 -> 28/08/2025
B10: ='DADOS GERAIS'!B10 -> Localização
B11: ='DADOS GERAIS'!B11 -> RUA TIROLESES, 515, Bairro CAPITAIS, Complemento - , CEP 89095-450
B12: ='DADOS GERAIS'!B12 -> Bancos: | F12: ='DADOS GERAIS'!$B$23 -> Revisão:
B13: ='DADOS GERAIS'!B13 -> SINAPI (07/2025) - CPOS/CDHU (06/2025) - SBC (08/2025) - ORSE (06/2025) - IOPES (05/2025) - EMOP (07/2025) - SIURB (01/2025) | F13: ='DADOS GERAIS'!$C$23 -> 00
B16: ENCARGOS SOCIAIS SOBRE A MÃO DE OBRA
B17: CÓDIGO | C17: DESCRIÇÃO | E17: SEM DESONERAÇÃO
E18: HORISTA (%) | F18: MENSALISTA (%)
B20: GRUPO A
B21: A1 | C21: INSS | E21: 0.2 | F21: 0.2
B22: A2 | C22: SESI | E22: 0.015 | F22: 0.015
B23: A3 | C23: SENAI | E23: 0.01 | F23: 0.01
B24: A4 | C24: INCRA | E24: 0.002 | F24: 0.002
B25: A5 | C25: SEBRAE | E25: 0.006 | F25: 0.006
B26: A6 | C26: Salário Educação | E26: 0.025 | F26: 0.025
B27: A7 | C27: Seguro Contra Acidentes de Trabalho | E27: 0.03 | F27: 0.03
B28: A8 | C28: FGTS | E28: 0.08 | F28: 0.08
B29: A9 | C29: SECONCI | E29: 0.01 | F29: 0.01
B30: A | C30: Total | E30: =SUBTOTAL(9,E21:E29) -> 0.378 | F30: =SUBTOTAL(9,F21:F29) -> 0.378
B32: GRUPO B
B33: B1 | C33: Repouso Semanal Remunerado | E33: 0.1791 | F33: Não incide
B34: B2 | C34: Feriados | E34: 0.037 | F34: Não incide
B35: B3 | C35: Auxílio-Enfermidade | E35: 0.0087 | F35: 0.0065
B36: B4 | C36: 13º Salário | E36: 0.1112 | F36: 0.0833
B37: B5 | C37: Licença Paternidade | E37: 0.0007 | F37: 0.0005
B38: B6 | C38: Faltas Justificadas | E38: 0.0074 | F38: 0.0056
B39: B7 | C39: Dias de Chuva | E39: 0.0194 | F39: Não incide
B40: B8 | C40: Auxílo Acidente de Trabalho | E40: 0.001 | F40: 0.0007
B41: B9 | C41: Férias Gozadas | E41: 0.1344 | F41: 0.1007
B42: B10 | C42: Salário Maternidade | E42: 0.0003 | F42: 0.0003
B43: B | C43: Total | E43: =SUBTOTAL(9,E33:E42) -> 0.4992 | F43: =SUBTOTAL(9,F33:F42) -> 0.1976
B45: GRUPO C
B46: C1 | C46: Aviso Prévio Indenizado | E46: 0.0484 | F46: 0.0363
B47: C2 | C47: Aviso Prévio Trabalhado | E47: 0.0011 | F47: 0.0009
B48: C3 | C48: Férias Indenizadas | E48: 0.0089 | F48: 0.0067
B49: C4 | C49: Depósito Recisão sem justa causa | E49: 0.0233 | F49: 0.0175
B50: C5 | C50: Indenização Adicional | E50: 0.0041 | F50: 0.0031
B51: C | C51: Total | E51: =SUBTOTAL(9,E46:E50) -> 0.0858 | F51: =SUBTOTAL(9,F46:F50) -> 0.0645
B53: GRUPO D
B54: D1 | C54: Reincidência de Grupo A sobre Grupo B (sem considerar INNS sobre 13º, conforme Lei nº 14.973/2024) | E54: 0.1887 | F54: 0.0747
B55: D2 | C55: Reincidência de Grupo A sobre Aviso Prévio Trabalhado e Reincidência do FGTS sobre Aviso Prévio Indenizado | E55: 0.0043 | F55: 0.0032
B56: D | C56: Total | E56: =SUBTOTAL(9,E54:E55) -> 0.193 | F56: =ROUND(SUBTOTAL(9,F54:F55),4) -> 0.0779
B57: TOTAL (A+B+C+D) | E57: =SUM(E30,E43,E51,E56) -> 1.156 | F57: =SUM(F30,F43,F51,F56) -> 0.718
B59: FONTE:
B60: 1. | C60: SINAPI - Encargos Sociais a partir de janeiro de 2025.
B62: NOTAS:
B63: 1. | C63: Deverão ser obedecidas as legislações trabalhistas e tributária vigentes, inclusive acordos de classes, sob pena de desclassificação da Proposta de Preços;
B64: 2. | C64: É de responsabilidade da proponente a adequação de todas as fórmulas utilizadas na planilha orçamentária.
B67: ________________________________________________________________________________
B72: ='DADOS GERAIS'!C24 -> Thaenne Hellen Beber
B73: ='DADOS GERAIS'!C25 -> Engenheira Civil - CREA SC 186217-6

Sheet RESUMO
B2: PLANILHA RESUMO
B8: ='DADOS GERAIS'!B8 -> Secretaria da Saúde - Timbó | D8: BDI Geral: | F8: ='DADOS GERAIS'!$B$22 -> Data:
B9: ='DADOS GERAIS'!B9 -> Unidade Básica de Saúde Porte 3 - Área Construída: 813,73m² | D9: ='DADOS GERAIS'!C20 -> 0.20814987 | F9: ='DADOS GERAIS'!$C$22 -> 28/08/2025
B10: ='DADOS GERAIS'!B10 -> Localização
B11: ='DADOS GERAIS'!B11 -> RUA TIROLESES, 515, Bairro CAPITAIS, Complemento - , CEP 89095-450
B12: ='DADOS GERAIS'!B12 -> Bancos: | F12: ='DADOS GERAIS'!$B$23 -> Revisão:
B13: ='DADOS GERAIS'!B13 -> SINAPI (07/2025) - CPOS/CDHU (06/2025) - SBC (08/2025) - ORSE (06/2025) - IOPES (05/2025) - EMOP (07/2025) - SIURB (01/2025) | F13: ='DADOS GERAIS'!$C$23 -> 00
B16: ITEM | C16: DESCRIÇÃO | E16: PREÇO | F16: %
B18: 1 | C18: {=INDEX('ORC. SINTÉTICO'!$E:$E,MATCH($B18,'ORC. SINTÉTICO'!$B:$B,0))} -> SERVIÇOS PRELIMINARES E INDIRETOS | E18: {=INDEX('ORC. SINTÉTICO'!$N:$N,MATCH($B18,'ORC. SINTÉTICO'!$B:$B,0))} -> 361997.25 | F18: =IFERROR(E18/$E$41,"-") -> 0.096526659
B19: 2 | C19: {=INDEX('ORC. SINTÉTICO'!$E:$E,MATCH($B19,'ORC. SINTÉTICO'!$B:$B,0))} -> FUNDAÇÃO | E19: {=INDEX('ORC. SINTÉTICO'!$N:$N,MATCH($B19,'ORC. SINTÉTICO'!$B:$B,0))} -> 351183.12 | F19: =IFERROR(E19/$E$41,"-") -> 0.093643068
B20: 3 | C20: {=INDEX('ORC. SINTÉTICO'!$E:$E,MATCH($B20,'ORC. SINTÉTICO'!$B:$B,0))} -> ESTRUTURA | E20: {=INDEX('ORC. SINTÉTICO'!$N:$N,MATCH($B20,'ORC. SINTÉTICO'!$B:$B,0))} -> 523961.02 | F20: =IFERROR(E20/$E$41,"-") -> 0.13971434
B21: 4 | C21: {=INDEX('ORC. SINTÉTICO'!$E:$E,MATCH($B21,'ORC. SINTÉTICO'!$B:$B,0))} -> ALVENARIA, VEDAÇÕES E DIVISÓRIAS | E21: {=INDEX('ORC. SINTÉTICO'!$N:$N,MATCH($B21,'ORC. SINTÉTICO'!$B:$B,0))} -> 348825.66 | F21: =IFERROR(E21/$E$41,"-") -> 0.093014451
B22: 5 | C22: {=INDEX('ORC. SINTÉTICO'!$E:$E,MATCH($B22,'ORC. SINTÉTICO'!$B:$B,0))} -> COBERTURA | E22: {=INDEX('ORC. SINTÉTICO'!$N:$N,MATCH($B22,'ORC. SINTÉTICO'!$B:$B,0))} -> 161861.57 | F22: =IFERROR(E22/$E$41,"-") -> 0.043160429
B23: 6 | C23: {=INDEX('ORC. SINTÉTICO'!$E:$E,MATCH($B23,'ORC. SINTÉTICO'!$B:$B,0))} -> IMPERMEABILIZAÇÃO | E23: {=INDEX('ORC. SINTÉTICO'!$N:$N,MATCH($B23,'ORC. SINTÉTICO'!$B:$B,0))} -> 41778.56 | F23: =IFERROR(E23/$E$41,"-") -> 0.011140264
B24: 7 | C24: {=INDEX('ORC. SINTÉTICO'!$E:$E,MATCH($B24,'ORC. SINTÉTICO'!$B:$B,0))} -> ESQUADRIAS | E24: {=INDEX('ORC. SINTÉTICO'!$N:$N,MATCH($B24,'ORC. SINTÉTICO'!$B:$B,0))} -> 330073.97 | F24: =IFERROR(E24/$E$41,"-") -> 0.088014308
B25: 8 | C25: {=INDEX('ORC. SINTÉTICO'!$E:$E,MATCH($B25,'ORC. SINTÉTICO'!$B:$B,0))} -> REVESTIMENTO DE PAREDE | E25: {=INDEX('ORC. SINTÉTICO'!$N:$N,MATCH($B25,'ORC. SINTÉTICO'!$B:$B,0))} -> 126452.66 | F25: =IFERROR(E25/$E$41,"-") -> 0.033718634
B26: 9 | C26: {=INDEX('ORC. SINTÉTICO'!$E:$E,MATCH($B26,'ORC. SINTÉTICO'!$B:$B,0))} -> REVESTIMENTO DE PISO INTERNO | E26: {=INDEX('ORC. SINTÉTICO'!$N:$N,MATCH($B26,'ORC. SINTÉTICO'!$B:$B,0))} -> 164117.58 | F26: =IFERROR(E26/$E$41,"-") -> 0.043761994
B27: 10 | C27: {=INDEX('ORC. SINTÉTICO'!$E:$E,MATCH($B27,'ORC. SINTÉTICO'!$B:$B,0))} -> REVESTIMENTO DE PISO EXTERNO | E27: {=INDEX('ORC. SINTÉTICO'!$N:$N,MATCH($B27,'ORC. SINTÉTICO'!$B:$B,0))} -> 48686.08 | F27: =IFERROR(E27/$E$41,"-") -> 0.012982156
B28: 11 | C28: {=INDEX('ORC. SINTÉTICO'!$E:$E,MATCH($B28,'ORC. SINTÉTICO'!$B:$B,0))} -> REVESTIMENTO DE TETO | E28: {=INDEX('ORC. SINTÉTICO'!$N:$N,MATCH($B28,'ORC. SINTÉTICO'!$B:$B,0))} -> 63154.88 | F28: =IFERROR(E28/$E$41,"-") -> 0.016840265
B29: 12 | C29: {=INDEX('ORC. SINTÉTICO'!$E:$E,MATCH($B29,'ORC. SINTÉTICO'!$B:$B,0))} -> PINTURA | E29: {=INDEX('ORC. SINTÉTICO'!$N:$N,MATCH($B29,'ORC. SINTÉTICO'!$B:$B,0))} -> 122167.95 | F29: =IFERROR(E29/$E$41,"-") -> 0.032576115
... B39: 22 | C39: {=INDEX('ORC. SINTÉTICO'!$E:$E,MATCH($B39,'ORC. SINTÉTICO'!$B:$B,0))} -> PROJETOS “AS BUILT” | E39: {=INDEX('ORC. SINTÉTICO'!$N:$N,MATCH($B39,'ORC. SINTÉTICO'!$B:$B,0))} -> 34371.049 | F39: =IFERROR(E39/$E$41,"-") -> 0.009165049
B41: TOTAL | E41: =SUBTOTAL(9,E18:E39) -> 3750230.8 | F41: =SUBTOTAL(9,F18:F39) -> 1
B43: Notas:
B44: Estão exclusos do escopo: movimentação de terra, mobiliário e equipamentos, bate-macas, chapas metálicas das portas, instalações de automação, CFTV, energia fotovoltaica, controle de acesso, CATV, sonorização, luminárias externas, compressor odontológico e bomba de vacuo odontológico portatéis e equipamentos de ar condicionado.
B51: ________________________________________________________________________________
B52: ='DADOS GERAIS'!C24 -> Thaenne Hellen Beber
B53: ='DADOS GERAIS'!C25 -> Engenheira Civil - CREA SC 186217-6

Sheet CPUS
B2: COMPOSIÇÕES ANALÍTICAS DE PREÇOS UNITÁRIOS
B8: ='DADOS GERAIS'!$B$8 -> Secretaria da Saúde - Timbó | F8: =RESUMO!D8 -> BDI Geral: | K8: ='DADOS GERAIS'!$B$22 -> Data:
B9: ='DADOS GERAIS'!$B$9 -> Unidade Básica de Saúde Porte 3 - Área Construída: 813,73m² | F9: =RESUMO!D9 -> 0.20814987 | K9: ='DADOS GERAIS'!$C$22 -> 28/08/2025
B10: Localização
B11: RUA TIROLESES, 515, Bairro CAPITAIS, Complemento - , CEP 89095-450
B12: =RESUMO!B12 -> Bancos: | K12: ='DADOS GERAIS'!$B$23 -> Revisão:
B13: ='DADOS GERAIS'!$B$13 -> SINAPI (07/2025) - CPOS/CDHU (06/2025) - SBC (08/2025) - ORSE (06/2025) - IOPES (05/2025) - EMOP (07/2025) - SIURB (01/2025) | K13: ='DADOS GERAIS'!$C$23 -> 00
B16: Item | C16: Código | D16: Banco | E16: Descrição | F16: Und | G16: Und | H16: Quant. | K16: Total
B18: Composições Principais
B19: 1.1.1 | C19: Código | D19: Banco | E19: Descrição | F19: Tipo | H19: Und | I19: Quant. | J19: Valor Unit | K19: Total
B20: Composição | C20: CPU2526 | D20: Próprio | E20: LOCAÇÃO DE CONTAINER TIPO DEPÓSITO - ÁREA MÍNIMA DE 13,80 M2 | F20: CANT - CANTEIRO DE OBRAS | H20: UNXMÊS | I20: 1 | J20: 981.52 | K20: 981.52
B21: Composição Auxiliar | C21: 88247 | D21: SINAPI | E21: AUXILIAR DE ELETRICISTA COM ENCARGOS COMPLEMENTARES | F21: Livro SINAPI: Cálculos e Parâmetros | H21: H | I21: 1.32 | J21: 27.19 | K21: 35.89
B22: Composição Auxiliar | C22: 88264 | D22: SINAPI | E22: ELETRICISTA COM ENCARGOS COMPLEMENTARES | F22: Livro SINAPI: Cálculos e Parâmetros | H22: H | I22: 0.99 | J22: 43.64 | K22: 43.2
B23: Composição Auxiliar | C23: 88316 | D23: SINAPI | E23: SERVENTE COM ENCARGOS COMPLEMENTARES | F23: Livro SINAPI: Cálculos e Parâmetros | H23: H | I23: 1.32 | J23: 24.73 | K23: 32.64
B24: Insumo | C24: A.12.000.021099 | D24: CPOS/CDHU | E24: CONTAINER DEPÓSITO, MÓDULO METÁLICO EM AÇO GALVANIZADO DE 6,0X2,3X2,5M, VÃO LIVRE, PISO DE CONCRETO, CIMENTADO, MADEIRA OU MATERIAL EQUIVALENTE | F24: Material | H24: unxmês | I24: 1 | J24: 869.79 | K24: 869.79
F25: MO sem LS => | G25: 96.46 | H25: LS => | I25: 0 | J25: MO com LS => | K25: 96.46
F26: Valor do BDI => | G26: 204.25 | I26: Valor com BDI => | K26: 1185.77
B27: Observação
B28: Composição de Referência: 02.02.150 CPOS/CDHU A composição foi ajustada para utilizar os insumos e a mão de obra conforme a base SINAPI, garantindo maior aderência aos parâmetros de mercado e normativas vigentes. Apenas os insumos que não possuem correspondência na base SINAPI foram mantidos conforme a composição original, assegurando a precisão e viabilidade da precificação.
B30: 1.1.2 | C30: Código | D30: Banco | E30: Descrição | F30: Tipo | H30: Und | I30: Quant. | J30: Valor Unit | K30: Total
B31: Composição | C31: CPU2527 | D31: Próprio | E31: BARRACÃO ABERTO PARA APOIO À PRODUÇÃO (CARPINTARIA, CENTRAL DE ARMAÇÃO, OFICINA, ETC.) C/ TESOURAS, TELHA 4MM, PISO EM CONCRETO DESEMPOLADO | F31: CANT - CANTEIRO DE OBRAS | H31: m² | I31: 1 | J31: 314.69 | K31: 314.69
B32: Composição Auxiliar | C32: 94207 | D32: SINAPI | E32: TELHAMENTO COM TELHA ONDULADA DE FIBROCIMENTO E = 6 MM, COM RECOBRIMENTO LATERAL DE 1/4 DE ONDA PARA TELHADO COM INCLINAÇÃO MAIOR QUE 10°, COM ATÉ 2 ÁGUAS, INCLUSO IÇAMENTO. AF_07/2019 | F32: Telhamento para Cobertura | H32: m² | I32: 1 | J32: 46.66 | K32: 46.66
B33: Composição Auxiliar | C33: 101747 | D33: SINAPI | E33: PISO EM CONCRETO 20 MPA PREPARO MECÂNICO, ESPESSURA 7CM. AF_09/2020 | F33: Pisos | H33: m² | I33: 1 | J33: 85.8 | K33: 85.8
B34: Composição Auxiliar | C34: 100382 | D34: SINAPI | E34: FABRICAÇÃO E INSTALAÇÃO DE PONTALETES DE MADEIRA NÃO APARELHADA PARA TELHADOS COM ATÉ 2 ÁGUAS E COM TELHA ONDULADA DE FIBROCIMENTO, ALUMÍNIO OU PLÁSTICA EM EDIFÍCIO RESIDENCIAL TÉRREO, INCLUSO TRANSPORTE VERTICAL. AF_07/2019 | F34: Estrutura e Trama para Cobertura | H34: m² | I34: 1 | J34: 46.57 | K34: 46.57
B35: Composição Auxiliar | C35: 97083 | D35: SINAPI | E35: COMPACTAÇÃO MECÂNICA DE SOLO PARA EXECUÇÃO DE RADIER, PISO DE CONCRETO OU LAJE SOBRE SOLO, COM COMPACTADOR DE SOLOS A PERCUSSÃO. AF_09/2021 | F35: Radier, Piso de Concreto e Laje sobre Solo | H35: m² | I35: 1 | J35: 3.99 | K35: 3.99
B36: Composição Auxiliar | C36: 92562 | D36: SINAPI | E36: FABRICAÇÃO E INSTALAÇÃO DE TESOURA INTEIRA EM MADEIRA NÃO APARELHADA, VÃO DE 10 M, PARA TELHA ONDULADA DE FIBROCIMENTO, METÁLICA, PLÁSTICA OU TERMOACÚSTICA, INCLUSO IÇAMENTO. AF_07/2019 | F36: Estrutura e Trama para Cobertura | H36: UN | I36: 0.03 | J36: 4389.08 | K36: 131.67
F37: MO sem LS => | G37: 54.18 | H37: LS => | I37: 0 | J37: MO com LS => | K37: 54.18
F38: Valor do BDI => | G38: 65.48 | I38: Valor com BDI => | K38: 380.17
B39: Observação
B40: Composição de Referência: ORSE 11703. A composição foi ajustada para utilizar os insumos e a mão de obra conforme a base SINAPI, garantindo maior aderência aos parâmetros de mercado e normativas vigentes. Apenas os insumos que não possuem correspondência na base SINAPI foram mantidos conforme a composição original, assegurando a precisão e viabilidade da precificação.
B42: 1.1.3 | C42: Código | D42: Banco | E42: Descrição | F42: Tipo | H42: Und | I42: Quant. | J42: Valor Unit | K42: Total
B43: Composição | C43: CPU2528 | D43: Próprio | E43: LOCAÇÃO DE CONTAINER - BANHEIRO COM CHUVEIROS E VASOS - 4,30 X 2,30M | F43: CANT - CANTEIRO DE OBRAS | H43: MÊS | I43: 1 | J43: 962.26 | K43: 962.26
B44: Insumo | C44: 00010777 | D44: SINAPI | E44: LOCACAO DE CONTAINER 2,30 X 4,30 M, ALT. 2,50 M, PARA SANITARIO, COM 3 BACIAS, 4 CHUVEIROS, 1 LAVATORIO E 1 MICTORIO (NAO INCLUI MOBILIZACAO/DESMOBILIZACAO) | F44: Equipamento | H44: MES | I44: 1 | J44: 962.26 | K44: 962.26
F45: MO sem LS => | G45: 0 | H45: LS => | I45: 0 | J45: MO com LS => | K45: 0
F46: Valor do BDI => | G46: 200.24 | I46: Valor com BDI => | K46: 1162.5
B47: Observação
B48: Composição de Referência: ORSE 4656. A composição foi ajustada para utilizar os insumos e a mão de obra conforme a base SINAPI, garantindo maior aderência aos parâmetros de mercado e normativas vigentes. Apenas os insumos que não possuem correspondência na base SINAPI foram mantidos conforme a composição original, assegurando a precisão e viabilidade da precificação.
B50: 1.1.4 | C50: Código | D50: Banco | E50: Descrição | F50: Tipo | H50: Und | I50: Quant. | J50: Valor Unit | K50: Total
B51: Composição | C51: CPU2529 | D51: Próprio | E51: BARRACAO PARA REFEITORIO EM OBRAS EM COMPENSADO | F51: CANT - CANTEIRO DE OBRAS | H51: m² | I51: 1 | J51: 1346.87 | K51: 1346.87
B52: Composição Auxiliar | C52: 88262 | D52: SINAPI | E52: CARPINTEIRO DE FORMAS COM ENCARGOS COMPLEMENTARES | F52: Livro SINAPI: Cálculos e Parâmetros | H52: H | I52: 8.419 | J52: 36.35 | K52: 306.03
B53: Composição Auxiliar | C53: 88316 | D53: SINAPI | E53: SERVENTE COM ENCARGOS COMPLEMENTARES | F53: Livro SINAPI: Cálculos e Parâmetros | H53: H | I53: 13.053 | J53: 24.73 | K53: 322.8
B54: Composição Auxiliar | C54: 88239 | D54: SINAPI | E54: AJUDANTE DE CARPINTEIRO COM ENCARGOS COMPLEMENTARES | F54: Livro SINAPI: Cálculos e Parâmetros | H54: H | I54: 12.075 | J54: 26.44 | K54: 319.26
B55: Insumo | C55: 00004491 | D55: SINAPI | E55: PONTALETE *7,5 X 7,5* CM EM PINUS, MISTA OU EQUIVALENTE DA REGIAO - BRUTA | F55: Material | H55: M | I55: 10.12 | J55: 7.23 | K55: 73.16
B56: Insumo | C56: 00007213 | D56: SINAPI | E56: TELHA DE FIBROCIMENTO ONDULADA E = 4 MM, DE 2,44 X 0,50 M (SEM AMIANTO) | F56: Material | H56: m² | I56: 0.84 | J56: 17.79 | K56: 14.94
B57: Insumo | C57: 00020205 | D57: SINAPI | E57: RIPA APARELHADA *1,5 X 5* CM, EM MACARANDUBA/MASSARANDUBA, ANGELIM OU EQUIVALENTE DA REGIAO | F57: Material | H57: M | I57: 4.949 | J57: 7.89 | K57: 39.04
B58: Insumo | C58: 00002420 | D58: SINAPI | E58: DOBRADICA EM ACO/FERRO, 3" X 2 1/2", E= 1,9 A 2 MM, SEM ANEL, CROMADO OU ZINCADO, TAMPA BOLA, COM PARAFUSOS | F58: Material | H58: UN | I58: 0.48 | J58: 20.07 | K58: 9.63
B59: Insumo | C59: 00043614 | D59: SINAPI | E59: TABUA NAO APARELHADA *2,5 X 15* CM, EM MACARANDUBA/MASSARANDUBA, ANGELIM OU EQUIVALENTE DA REGIAO - BRUTA | F59: Material | H59: M | I59: 6.26 | J59: 35.99 | K59: 225.29
B60: Insumo | C60: 00005068 | D60: SINAPI | E60: PREGO DE ACO POLIDO COM CABECA 17 X 21 (2 X 11) | F60: Material | H60: KG | I60: 0.421 | J60: 17.5 | K60: 7.36
B61: Insumo | C61: 00039027 | D61: SINAPI | E61: PREGO DE ACO POLIDO COM CABECA 19 X 36 (3 1/4 X 9) | F61: Material | H61: KG | I61: 1.68 | J61: 17.48 | K61: 29.36
F62: MO sem LS => | G62: 812.2 | H62: LS => | I62: 0 | J62: MO com LS => | K62: 812.2
F63: Valor do BDI => | G63: 280.28 | I63: Valor com BDI => | K63: 1627.15
B64: Observação
B65: Composição de Referência: SBC 012208. A composição foi ajustada para utilizar os insumos e a mão de obra conforme a base SINAPI, garantindo maior aderência aos parâmetros de mercado e normativas vigentes. Apenas os insumos que não possuem correspondência na base SINAPI foram mantidos conforme a composição original, assegurando a precisão e viabilidade da precificação.
B67: 1.1.5 | C67: Código | D67: Banco | E67: Descrição | F67: Tipo | H67: Und | I67: Quant. | J67: Valor Unit | K67: Total
B68: Composição | C68: 95648 | D68: SINAPI | E68: KIT CAVALETE PARA MEDIÇÃO DE ÁGUA - ENTRADA INDIVIDUALIZADA, EM CPVC DN 28 MM (1"), PARA 1 MEDIDOR - FORNECIMENTO E INSTALAÇÃO (EXCLUSIVE HIDRÔMETRO). AF_03/2024 | F68: Sistemas de Medição | H68: UN | I68: 1 | J68: 544.56 | K68: 544.56
B69: Composição Auxiliar | C69: 88248 | D69: SINAPI | E69: AUXILIAR DE ENCANADOR OU BOMBEIRO HIDRÁULICO COM ENCARGOS COMPLEMENTARES | F69: Livro SINAPI: Cálculos e Parâmetros | H69: H | I69: 1.6421 | J69: 26.08 | K69: 42.82
B70: Composição Auxiliar | C70: 88267 | D70: SINAPI | E70: ENCANADOR OU BOMBEIRO HIDRÁULICO COM ENCARGOS COMPLEMENTARES | F70: Livro SINAPI: Cálculos e Parâmetros | H70: H | I70: 1.6421 | J70: 34.46 | K70: 56.58
B71: Insumo | C71: 00037960 | D71: SINAPI | E71: JOELHO CPVC, SOLDAVEL, 90 GRAUS, 54 MM, PARA AGUA QUENTE | F71: Material | H71: UN | I71: 2 | J71: 55.32 | K71: 110.64
B72: Insumo | C72: 00038007 | D72: SINAPI | E72: CONECTOR, CPVC, SOLDAVEL, 28 MM X 1", PARA AGUA QUENTE | F72: Material | H72: UN | I72: 2 | J72: 24.19 | K72: 48.38
B73: Insumo | C73: 00038029 | D73: SINAPI | E73: TUBO CPVC, SOLDAVEL, 54 MM, AGUA QUENTE PREDIAL (NBR 15884) | F73: Material | H73: M | I73: 0.9444 | J73: 70.41 | K73: 66.49
B74: Insumo | C74: 00021125 | D74: SINAPI | E74: TUBO CPVC, SOLDAVEL, 28 MM, AGUA QUENTE PREDIAL (NBR 15884) | F74: Material | H74: M | I74: 2.9905 | J74: 27.51 | K74: 82.26
B75: Insumo | C75: 00006019 | D75: SINAPI | E75: REGISTRO GAVETA BRUTO EM LATAO FORJADO, BITOLA 1" | F75: Material | H75: UN | I75: 1 | J75: 55.29 | K75: 55.29
B76: Insumo | C76: 00021114 | D76: SINAPI | E76: ADESIVO PARA TUBOS CPVC, *75* G | F76: Material | H76: UN | I76: 0.98 | J76: 40.44 | K76: 39.63
B77: Insumo | C77: 00044400 | D77: SINAPI | E77: BUCHA DE REDUCAO CPVC, SOLDAVEL, 54 X 28 MM, PARA AGUA QUENTE | F77: Material | H77: UN | I77: 1 | J77: 26.69 | K77: 26.69
B78: Insumo | C78: 00003148 | D78: SINAPI | E78: FITA VEDA ROSCA, EM PTFE, ROLO DE 18 MM X 50 M (L X C) | F78: Material | H78: UN | I78: 0.0132 | J78: 17.15 | K78: 0.22
B79: Insumo | C79: 00037957 | D79: SINAPI | E79: JOELHO CPVC, SOLDAVEL, 90 GRAUS, 28 MM, PARA AGUA QUENTE | F79: Material | H79: UN | I79: 2 | J79: 7.78 | K79: 15.56
F80: MO sem LS => | G80: 87.68 | H80: LS => | I80: 0 | J80: MO com LS => | K80: 87.68
F81: Valor do BDI => | G81: 113.32 | I81: Valor com BDI => | K81: 657.88
B83: 1.1.6 | C83: Código | D83: Banco | E83: Descrição | F83: Tipo | H83: Und | I83: Quant. | J83: Valor Unit | K83: Total
B84: Composição | C84: 95673 | D84: SINAPI | E84: HIDRÔMETRO DN 1/2", 1,5 M3/H - FORNECIMENTO E INSTALAÇÃO. AF_03/2024 | F84: Sistemas de Medição | H84: UN | I84: 1 | J84: 176.19 | K84: 176.19
B85: Composição Auxiliar | C85: 88267 | D85: SINAPI | E85: ENCANADOR OU BOMBEIRO HIDRÁULICO COM ENCARGOS COMPLEMENTARES | F85: Livro SINAPI: Cálculos e Parâmetros | H85: H | I85: 0.4315 | J85: 34.46 | K85: 14.86
B86: Composição Auxiliar | C86: 88248 | D86: SINAPI | E86: AUXILIAR DE ENCANADOR OU BOMBEIRO HIDRÁULICO COM ENCARGOS COMPLEMENTARES | F86: Livro SINAPI: Cálculos e Parâmetros | H86: H | I86: 0.4315 | J86: 26.08 | K86: 11.25
B87: Insumo | C87: 00003148 | D87: SINAPI | E87: FITA VEDA ROSCA, EM PTFE, ROLO DE 18 MM X 50 M (L X C) | F87: Material | H87: UN | I87: 0.0106 | J87: 17.15 | K87: 0.18
B88: Insumo | C88: 00012769 | D88: SINAPI | E88: HIDROMETRO UNIJATO / MEDIDOR DE AGUA, DN 1/2", VAZAO MAXIMA DE 1,5 M3/H, PARA AGUA POTAVEL FRIA, RELOJOARIA PLANA, CLASSE B, HORIZONTAL (SEM CONEXOES) | F88: Material | H88: UN | I88: 1 | J88: 149.9 | K88: 149.9
F89: MO sem LS => | G89: 23.03 | H89: LS => | I89: 0 | J89: MO com LS => | K89: 23.03
F90: Valor do BDI => | G90: 36.66 | I90: Valor com BDI => | K90: 212.85
B92: 1.1.7 | C92: Código | D92: Banco | E92: Descrição | F92: Tipo | H92: Und | I92: Quant. | J92: Valor Unit | K92: Total
B93: Composição | C93: 101509 | D93: SINAPI | E93: ENTRADA DE ENERGIA ELÉTRICA, AÉREA, TRIFÁSICA, COM CAIXA DE EMBUTIR, CABO DE 10 MM2 E DISJUNTOR DIN 50A (NÃO INCLUSO O POSTE DE CONCRETO). AF_07/2020 | F93: Instalações Elétricas - Rede de Distribuição | H93: UN | I93: 1 | J93: 2178.7 | K93: 2178.7
B94: Composição Auxiliar | C94: 91872 | D94: SINAPI | E94: ELETRODUTO RÍGIDO ROSCÁVEL, PVC, DN 32 MM (1"), PARA CIRCUITOS TERMINAIS, INSTALADO EM PAREDE - FORNECIMENTO E INSTALAÇÃO. AF_03/2023 | F94: Instalações Elétricas - Eletrodutos Embutidos, Cabos, Caixas, Tomadas e Interruptores | H94: M | I94: 6.05 | J94: 21.85 | K94: 132.19
B95: Composição Auxiliar | C95: 88247 | D95: SINAPI | E95: AUXILIAR DE ELETRICISTA COM ENCARGOS COMPLEMENTARES | F95: Livro SINAPI: Cálculos e Parâmetros | H95: H | I95: 0.3233 | J95: 27.19 | K95: 8.79
B96: Composição Auxiliar | C96: 91885 | D96: SINAPI | E96: LUVA PARA ELETRODUTO, PVC, ROSCÁVEL, DN 32 MM (1"), PARA CIRCUITOS TERMINAIS, INSTALADA EM PAREDE - FORNECIMENTO E INSTALAÇÃO. AF_03/2023 | F96: Instalações Elétricas - Eletrodutos Embutidos, Cabos, Caixas, Tomadas e Interruptores | H96: UN | I96: 1 | J96: 17 | K96: 17
B97: Composição Auxiliar | C97: 87367 | D97: SINAPI | E97: ARGAMASSA TRAÇO 1:1:6 (EM VOLUME DE CIMENTO, CAL E AREIA MÉDIA ÚMIDA) PARA EMBOÇO/MASSA ÚNICA/ASSENTAMENTO DE ALVENARIA DE VEDAÇÃO, PREPARO MANUAL. AF_08/2019 | F97: Argamassas | H97: m³ | I97: 0.0194 | J97: 787.18 | K97: 15.27
B98: Composição Auxiliar | C98: 96986 | D98: SINAPI | E98: HASTE DE ATERRAMENTO, DIÂMETRO 3/4", COM 3 METROS - FORNECIMENTO E INSTALAÇÃO. AF_08/2023 | F98: Sistema de Proteção contra Descargas Atmosféricas - SPDA | H98: UN | I98: 1 | J98: 125.81 | K98: 125.81
B99: Composição Auxiliar | C99: 93673 | D99: SINAPI | E99: DISJUNTOR TRIPOLAR TIPO DIN, CORRENTE NOMINAL DE 50A - FORNECIMENTO E INSTALAÇÃO. AF_07/2025 | F99: Instalações Elétricas - Quadros, Cabos, Disjuntores, Contatores e Barramentos Blindados | H99: UN | I99: 1 | J99: 102.07 | K99: 102.07
B100: Composição Auxiliar | C100: 91919 | D100: SINAPI | E100: CURVA 180 GRAUS PARA ELETRODUTO, PVC, ROSCÁVEL, DN 32 MM (1"), PARA CIRCUITOS TERMINAIS, INSTALADA EM PAREDE - FORNECIMENTO E INSTALAÇÃO. AF_03/2023 | F100: Instalações Elétricas - Eletrodutos Embutidos, Cabos, Caixas, Tomadas e Interruptores | H100: UN | I100: 1 | J100: 28.78 | K100: 28.78
B101: Composição Auxiliar | C101: 104749 | D101: SINAPI | E101: CONECTOR GRAMPO METÁLICO TIPO OLHAL, PARA SPDA, PARA HASTE DE ATERRAMENTO DE 3/4'' E CABOS DE 10 A 50 MM2 - FORNECIMENTO E INSTALAÇÃO. AF_08/2023 | F101: Sistema de Proteção contra Descargas Atmosféricas - SPDA | H101: UN | I101: 1 | J101: 23.36 | K101: 23.36
B102: Composição Auxiliar | C102: 91933 | D102: SINAPI | E102: CABO DE COBRE FLEXÍVEL ISOLADO, 10 MM², ANTI-CHAMA 0,6/1,0 KV, PARA CIRCUITOS TERMINAIS - FORNECIMENTO E INSTALAÇÃO. AF_03/2023 | F102: Instalações Elétricas - Eletrodutos Embutidos, Cabos, Caixas, Tomadas e Interruptores | H102: M | I102: 22.2 | J102: 18.26 | K102: 405.37
B103: Composição Auxiliar | C103: 100578 | D103: SINAPI | E103: ASSENTAMENTO DE POSTE DE CONCRETO COM COMPRIMENTO NOMINAL DE 9 M, CARGA NOMINAL MENOR OU IGUAL A 1000 DAN, ENGASTAMENTO SIMPLES COM 1,5 M DE SOLO (NÃO INCLUI FORNECIMENTO). AF_04/2025 | F103: Postes de Concreto e Metálicos | H103: UN | I103: 1 | J103: 664.11 | K103: 664.11
B104: Composição Auxiliar | C104: 91917 | D104: SINAPI | E104: CURVA 90 GRAUS PARA ELETRODUTO, PVC, ROSCÁVEL, DN 32 MM (1"), PARA CIRCUITOS TERMINAIS, INSTALADA EM PAREDE - FORNECIMENTO E INSTALAÇÃO. AF_03/2023 | F104: Instalações Elétricas - Eletrodutos Embutidos, Cabos, Caixas, Tomadas e Interruptores | H104: UN | I104: 1 | J104: 26.98 | K104: 26.98
... B115: Insumo | C115: 00014153 | D115: SINAPI | E115: FITA METALICA PERFURADA, L = *18* MM, ROLO DE 30 M, CARGA RECOMENDADA = *30* KGF | F115: Material | H115: UN | I115: 0.06 | J115: 61.72 | K115: 3.7
F116: MO sem LS => | G116: 660.35 | H116: LS => | I116: 0 | J116: MO com LS => | K116: 660.35
F117: Valor do BDI => | G117: 453.38 | I117: Valor com BDI => | K117: 2632.08
B119: 1.1.8 | C119: Código | D119: Banco | E119: Descrição | F119: Tipo | H119: Und | I119: Quant. | J119: Valor Unit | K119: Total
B120: Composição | C120: 103689 | D120: SINAPI | E120: FORNECIMENTO E INSTALAÇÃO DE PLACA DE OBRA COM CHAPA GALVANIZADA E ESTRUTURA DE MADEIRA. AF_03/2022_PS | F120: Sinalização Vertical Viária | H120: m² | I120: 1 | J120: 467.47 | K120: 467.47
B121: Composição Auxiliar | C121: 88262 | D121: SINAPI | E121: CARPINTEIRO DE FORMAS COM ENCARGOS COMPLEMENTARES | F121: Livro SINAPI: Cálculos e Parâmetros | H121: H | I121: 0.3729 | J121: 36.35 | K121: 13.55
B122: Composição Auxiliar | C122: 88316 | D122: SINAPI | E122: SERVENTE COM ENCARGOS COMPLEMENTARES | F122: Livro SINAPI: Cálculos e Parâmetros | H122: H | I122: 1.1186 | J122: 24.73 | K122: 27.66
B123: Composição Auxiliar | C123: 102234 | D123: SINAPI | E123: PINTURA IMUNIZANTE PARA MADEIRA, 2 DEMÃOS. AF_01/2021 | F123: Pintura em Madeira | H123: m² | I123: 0.5 | J123: 27.78 | K123: 13.89
B124: Insumo | C124: 00004813 | D124: SINAPI | E124: PLACA DE OBRA (PARA CONSTRUCAO CIVIL) EM CHAPA GALVANIZADA *N. 22*, ADESIVADA, DE *2,4 X 1,2* M (SEM POSTES PARA FIXACAO) | F124: Material | H124: m² | I124: 1 | J124: 400 | K124: 400
B125: Insumo | C125: 00005069 | D125: SINAPI | E125: PREGO DE ACO POLIDO COM CABECA 17 X 27 (2 1/2 X 11) | F125: Material | H125: KG | I125: 0.0132 | J125: 17.83 | K125: 0.23
B126: Insumo | C126: 00004509 | D126: SINAPI | E126: SARRAFO *2,5 X 10* CM EM PINUS, MISTA OU EQUIVALENTE DA REGIAO - BRUTA | F126: Material | H126: M | I126: 3.2083 | J126: 3.67 | K126: 11.77
...

Sheet CURVA ABC
B2: CURVA ABC DE SERVIÇOS
B8: =RESUMO!B8 -> Secretaria da Saúde - Timbó | G8: BDI Geral: | K8: Data:
B9: ='DADOS GERAIS'!$B$9 -> Unidade Básica de Saúde Porte 3 - Área Construída: 813,73m² | G9: ='DADOS GERAIS'!C20 -> 0.20814987 | K9: ='DADOS GERAIS'!$C$22 -> 28/08/2025
B10: =RESUMO!B10 -> Localização
B11: RUA TIROLESES, 515, Bairro CAPITAIS, Complemento - , CEP 89095-450
B12: Bancos: | K12: Revisão:
B13: ='DADOS GERAIS'!B13 -> SINAPI (07/2025) - CPOS/CDHU (06/2025) - SBC (08/2025) - ORSE (06/2025) - IOPES (05/2025) - EMOP (07/2025) - SIURB (01/2025) | K13: ='DADOS GERAIS'!$C$23 -> 00
B16: Código | C16: Banco | D16: Descrição | E16: Tipo | F16: Und | G16: Quant. | H16: Valor Unit | I16: Total | J16: Peso (%) | K16: Peso Acumulado (%)
B18: 103324 | C18: SINAPI | D18: ALVENARIA DE VEDAÇÃO DE BLOCOS CERÂMICOS FURADOS NA VERTICAL DE 14X19X39 CM (ESPESSURA 14 CM) E ARGAMASSA DE ASSENTAMENTO COM PREPARO EM BETONEIRA. AF_12/2021 | E18: Alvenaria de Vedação | F18: m² | G18: 1.104,49 | H18: 96,21 | I18: 106.262,98 | J18: 3,47 | K18: 3,47
B19: 92461 | C19: SINAPI | D19: MONTAGEM E DESMONTAGEM DE FÔRMA DE VIGA, ESCORAMENTO COM GARFO DE MADEIRA, PÉ-DIREITO DUPLO, EM CHAPA DE MADEIRA RESINADA, 8 UTILIZAÇÕES. AF_09/2020 | E19: Fôrmas para Estruturas de Concreto Armado | F19: m² | G19: 380,9 | H19: 218,88 | I19: 83.371,39 | J19: 2,72 | K19: 6,20
B20: 93565 | C20: SINAPI | D20: ENGENHEIRO CIVIL DE OBRA JUNIOR COM ENCARGOS COMPLEMENTARES | E20: Livro SINAPI: Cálculos e Parâmetros | F20: MES | G20: 3,5 | H20: 22.848,17 | I20: 79.968,59 | J20: 2,61 | K20: 8,81
B21: 96557 | C21: SINAPI | D21: CONCRETAGEM DE BLOCO DE COROAMENTO OU VIGA BALDRAME, FCK 30 MPA, COM USO DE BOMBA - LANÇAMENTO, ADENSAMENTO E ACABAMENTO. AF_01/2024 | E21: Fundações Rasas (Blocos, Sapatas, Vigas Baldrame) | F21: m³ | G21: 84,5 | H21: 848,95 | I21: 71.736,27 | J21: 2,34 | K21: 11,15
B22: CPU2283 | C22: Próprio | D22: CONCRETAGEM DE VIGAS E LAJES, FCK=30 MPA, PARA LAJES MACIÇAS OU NERVURADAS COM USO DE BOMBA - LANÇAMENTO, ADENSAMENTO E ACABAMENTO. | E22: FUES - FUNDAÇÕES E ESTRUTURAS | F22: m³ | G22: 90,6 | H22: 791,37 | I22: 71.698,12 | J22: 2,34 | K22: 13,50
B23: CPU2100 | C23: Próprio | D23: Laje pré-fabricada unidirecional em viga treliçada/lajota em EPS LT 16 (12 + 4), exceto capa de concreto | E23: 13.01 | F23: m² | G23: 508,13 | H23: 119,98 | I23: 60.965,43 | J23: 1,99 | K23: 15,49
B24: 94995 | C24: SINAPI | D24: EXECUÇÃO DE PASSEIO (CALÇADA) OU PISO DE CONCRETO COM CONCRETO MOLDADO IN LOCO, USINADO, ACABAMENTO CONVENCIONAL, ESPESSURA 8 CM, ARMADO. AF_08/2022 | E24: Passeios de Concreto | F24: m² | G24: 593,52 | H24: 100,24 | I24: 59.494,44 | J24: 1,94 | K24: 17,43
B25: 104958 | C25: SINAPI | D25: MASSA ÚNICA, EM ARGAMASSA TRAÇO 1:2:8 PREPARO MECÂNICO, APLICADA MANUALMENTE EM PAREDES INTERNAS DE AMBIENTES COM ÁREA MAIOR QUE 10M², E = 10MM, COM TALISCAS. AF_03/2024 | E25: Massa Única Interna | F25: m² | G25: 2.113,29 | H25: 26,77 | I25: 56.572,77 | J25: 1,85 | K25: 19,28
B26: CPU2547 | C26: Próprio | D26: ALIZAR ALUMINIO PINTURA ELETROSTATICA BRANCA | E26: ESQV - ESQUADRIAS/FERRAGENS/VIDROS | F26: M | G26: 439,34 | H26: 128,45 | I26: 56.433,22 | J26: 1,84 | K26: 21,12
B27: 101793 | C27: SINAPI | D27: ESCORAMENTO DE FÔRMAS DE LAJE EM MADEIRA NÃO APARELHADA, PÉ-DIREITO DUPLO, INCLUSO TRAVAMENTO, 4 UTILIZAÇÕES. AF_09/2020 | E27: Fôrmas para Estruturas de Concreto Armado | F27: m³ | G27: 1.847,96 | H27: 29,52 | I27: 54.551,77 | J27: 1,78 | K27: 22,91
B28: CPU2656 | C28: Próprio | D28: DUTO PARA EXAUSTAO DE AR/VENTILACAO,CHAVETADO EM CHAPA DE AC O GALVANIZADO,NAS DIVERSAS BITOLAS,CONFORME ABNT NBR 16401,I NCLUSIVE SUPORTES PINTADOS,GRELHAS,DIFUSORES EM ALUMINIO EXT RUDADO E DEMAIS ITENS NECESSARIOS.FORNECIMENTO E COLOCACAO | E28: SEDI - SERVIÇOS DIVERSOS | F28: KG | G28: 764,0 | H28: 71,31 | I28: 54.480,84 | J28: 1,78 | K28: 24,69
B29: 96534 | C29: SINAPI | D29: FABRICAÇÃO, MONTAGEM E DESMONTAGEM DE FÔRMA PARA BLOCO DE COROAMENTO, EM MADEIRA SERRADA, E=25 MM, 4 UTILIZAÇÕES. AF_01/2024 | E29: Fundações Rasas (Blocos, Sapatas, Vigas Baldrame) | F29: m² | G29: 607,2 | H29: 87,78 | I29: 53.300,01 | J29: 1,74 | K29: 26,43
B30: CPU2285 | C30: Próprio | D30: PAREDE COM SISTEMA EM CHAPAS DE GESSO ST PARA DRYWALL COM ISOLAMENTO ACUSTICO, USO INTERNO, COM DUAS FACES SIMPLES E ESTRUTURA METÁLICA COM GUIAS SIMPLES PARA PAREDES COM ÁREA LÍQUIDA MAIOR OU IGUAL A 6 M2, COM VÃOS. | E30: PARE - PAREDES/PAINEIS | F30: m² | G30: 296,95 | H30: 176,24 | I30: 52.334,46 | J30: 1,71 | K30: 28,14
B31: 96114 | C31: SINAPI | D31: FORRO EM DRYWALL, PARA AMBIENTES COMERCIAIS, INCLUSIVE ESTRUTURA BIRECIONAL DE FIXAÇÃO. AF_08/2023_PS | E31: Forros | F31: m² | G31: 661,1 | H31: 79,08 | I31: 52.279,78 | J31: 1,71 | K31: 29,85
B32: CPU2529 | C32: Próprio | D32: BARRACAO PARA REFEITORIO EM OBRAS EM COMPENSADO | E32: CANT - CANTEIRO DE OBRAS | F32: m² | G32: 35,0 | H32: 1.346,87 | I32: 47.140,45 | J32: 1,54 | K32: 31,39
B33: CPU1926 | C33: Próprio | D33: LOCACAO DE ANDAIME METALICO TIPO FACHADEIRO, PECAS COM APROXIMADAMENTE 1,20 M DE LARGURA E 2,0 M DE ALTURA, INCLUINDO DIAGONAIS EM X, BARRAS DE LIGACAO, SAPATAS E DEMAIS ITENS NECESSARIOS A MONTAGEM, INCLUSIVE MONTAGEM E DESMONTAGEM | E33: ASTU - ASSENTAMENTO DE TUBOS E PECAS | F33: M2XMÊS | G33: 1.072,18 | H33: 39,82 | I33: 42.694,20 | J33: 1,39 | K33: 32,78
B34: 94991 | C34: SINAPI | D34: EXECUÇÃO DE PASSEIO (CALÇADA) OU PISO DE CONCRETO COM CONCRETO MOLDADO IN LOCO, USINADO C20, ACABAMENTO CONVENCIONAL, NÃO ARMADO. AF_08/2022 | E34: Passeios de Concreto | F34: m³ | G34: 47,36 | H34: 850,93 | I34: 40.300,04 | J34: 1,32 | K34: 34,10
B35: CPU2574 | C35: Próprio | D35: TUBO DE PVC RÍGIDO PXB COM VIROLA E ANEL DE BORRACHA, LINHA ESGOTO SÉRIE REFORÇADA ´R´, DN= 100 MM, INCLUSIVE CONEXÕES | E35: INHI - INSTALAÇÕES HIDROS SANITÁRIAS | F35: M | G35: 317,6 | H35: 123,05 | I35: 39.080,68 | J35: 1,28 | K35: 35,37
... B162: CPU2545 | C162: Próprio | D162: PUXADOR DUPLO EM AÇO INOXIDÁVEL, PARA PORTA DE MADEIRA, ALUMÍNIO OU VIDRO, DE 350 MM | E162: ESQV - ESQUADRIAS/FERRAGENS/VIDROS | F162: UN | G162: 9,0 | H162: 496,72 | I162: 4.470,48 | J162: 0,15 | K162: 91,24
B163: CPU2101 | C163: Próprio | D163: Laje pré-fabricada unidirecional em viga treliçada/lajota em EPS LT 12 (8 + 4), exceto capa de concreto | E163: 13.01 | F163: m² | G163: 43,5 | H163: 101,24 | I163: 4.403,94 | J163: 0,14 | K163: 91,39
B164: CPU2619 | C164: Próprio | D164: DISPOSITIVO DE PROTEÇÃO CONTRA SURTO, 1 POLO, SUPORTABILIDADE &LT;= 4 KV, UN ATÉ 240V/415V, IIMP = 60 KA, CURVA DE ENSAIO 10/350µS - CLASSE 1 | E164: INEL - INSTALAÇÃO ELÉTRICA/ELETRIFICAÇÃO E ILUMINAÇÃO EXTERNA | F164: UN | G164: 8,0 | H164: 540,97 | I164: 4.327,76 | J164: 0,14 | K164: 91,53
B165: 91837 | C165: SINAPI | D165: ELETRODUTO FLEXÍVEL CORRUGADO REFORÇADO, PVC, DN 32 MM (1"), PARA CIRCUITOS TERMINAIS, INSTALADO EM FORRO - FORNECIMENTO E INSTALAÇÃO. AF_03/2023 | E165: Instalações Elétricas - Eletrodutos Embutidos, Cabos, Caixas, Tomadas e Interruptores | F165: M | G165: 161,7 | H165: 26,27 | I165: 4.247,85 | J165: 0,14 | K165: 91,67
B166: CPU2563 | C166: Próprio | D166: DUCHA HIGIÊNICA COM REGISTRO, LINHA DREAM, REF. 1984.C87.ACT.CR, DA DECA OU SIMILAR | E166: INHI - INSTALAÇÕES HIDROS SANITÁRIAS | F166: UN | G166: 5,0 | H166: 818,76 | I166: 4.093,80 | J166: 0,13 | K166: 91,80
B167: CPU2541 | C167: Próprio | D167: PORTA ALUMINIO ANODIZADO NATURAL 1 FOLHA DE ABRIR | E167: ESQV - ESQUADRIAS/FERRAGENS/VIDROS | F167: m² | G167: 2,52 | H167: 1.596,60 | I167: 4.023,43 | J167: 0,13 | K167: 91,93
B168: CPU2554 | C168: Próprio | D168: PISO ALTA RESISTÊNCIA OU INDUSTRIAL DE 12 MM, COMUM, COR CINZA, COM JUNTAS PLÁSTICAS, SEM POLIMENTO, ECCLUSIVE ARGAMASSA DE REGULARIZAÇÃO, APLICADO | E168: PISO - PISOS | F168: m² | G168: 93,85 | H168: 42,77 | I168: 4.013,96 | J168: 0,13 | K168: 92,06
B169: 89987 | C169: SINAPI | D169: REGISTRO DE GAVETA BRUTO, LATÃO, ROSCÁVEL, 3/4", COM ACABAMENTO E CANOPLA CROMADOS - FORNECIMENTO E INSTALAÇÃO. AF_08/2021 | E169: Válvulas e Registros para Sistemas Prediais | F169: UN | G169: 40,0 | H169: 99,01 | I169: 3.960,40 | J169: 0,13 | K169: 92,19
B170: CPU2652 | C170: Próprio | D170: CABO DE COBRE PP CORDPLAST 4 X 2,5 MM2, 450/750V - FORNECIMENTO E INSTALAÇÃO | E170: INEL - INSTALAÇÃO ELÉTRICA/ELETRIFICAÇÃO E ILUMINAÇÃO EXTERNA | F170: M | G170: 212,0 | H170: 18,53 | I170: 3.928,36 | J170: 0,13 | K170: 92,32
B171: CPU3186 | C171: Próprio | D171: CAIXA DE VENTILACAO PARA FORRO COLARINHO COM BOCAL CVM1800 | E171: INES - INSTALAÇÕES ESPECIAIS | F171: UN | G171: 1,0 | H171: 3.868,26 | I171: 3.868,26 | J171: 0,13 | K171: 92,45
B172: 100709 | C172: SINAPI | D172: DOBRADIÇA EM AÇO/FERRO, 3" X 21/2", E=1,9 A 2MM, SEN ANEL, CROMADO OU ZINCADO, TAMPA BOLA, COM PARAFUSOS. AF_12/2019 | E172: Esquadrias - Portas | F172: UN | G172: 61,0 | H172: 63,03 | I172: 3.844,83 | J172: 0,13 | K172: 92,57
B173: CPU2561 | C173: Próprio | D173: TORNEIRA MISTURADOR CLÍNICA DE MESA COM AREJADOR ARTICULADO, ACIONAMENTO COTOVELO | E173: INHI - INSTALAÇÕES HIDROS SANITÁRIAS | F173: UN | G173: 10,0 | H173: 381,01 | I173: 3.810,10 | J173: 0,12 | K173: 92,70
B174: CPU3158 | C174: Próprio | D174: DUTO FLEXIVEL DE ALUMINIO C/ ISOLAM. TERM.LA VIDRO 100MM 4"" | E174: ASTU - ASSENTAMENTO DE TUBOS E PECAS | F174: M | G174: 84,0 | H174: 45,16 | I174: 3.793,44 | J174: 0,12 | K174: 92,82
B175: 89811 | C175: SINAPI | D175: CURVA CURTA 90 GRAUS, PVC, SERIE NORMAL, ESGOTO PREDIAL, DN 100 MM, JUNTA ELÁSTICA, FORNECIDO E INSTALADO EM PRUMADA DE ESGOTO SANITÁRIO OU VENTILAÇÃO. AF_08/2022 | E175: Instalações Prediais de Esgoto - Tubos e Conexões | F175: UN | G175: 82,0 | H175: 44,93 | I175: 3.684,26 | J175: 0,12 | K175: 92,94
... B184: 91930 | C184: SINAPI | D184: CABO DE COBRE FLEXÍVEL ISOLADO, 6 MM², ANTI-CHAMA 450/750 V, PARA CIRCUITOS TERMINAIS - FORNECIMENTO E INSTALAÇÃO. AF_03/2023 | E184: Instalações Elétricas - Eletrodutos Embutidos, Cabos, Caixas, Tomadas e Interruptores | F184: M | G184: 295,9 | H184: 10,69 | I184: 3.163,17 | J184: 0,10 | K184: 93,94
B185: CPU2105 | C185: Próprio | D185: RALO SECO PVC QUADRADO 15x15 COM GRELHA | E185: 53 | F185: UN | G185: 25,0 | H185: 123,92 | I185: 3.098,00 | J185: 0,10 | K185: 94,04
B186: CPU2676 | C186: Próprio | D186: LIMPEZA GERAL | E186: SEDI - SERVIÇOS DIVERSOS | F186: m² | G186: 665,76 | H186: 4,62 | I186: 3.075,81 | J186: 0,10 | K186: 94,14
B187: CPU3178 | C187: Próprio | D187: HASTE ATERRAMENTO COBREADA 5/8"" x 2,40m 6715 670106 - MAGNET | E187: INEL - INSTALAÇÃO ELÉTRICA/ELETRIFICAÇÃO E ILUMINAÇÃO EXTERNA | F187: UN | G187: 15,0 | H187: 204,46 | I187: 3.066,90 | J187: 0,10 | K187: 94,24
B188: 94451 | C188: SINAPI | D188: CUMEEIRA PARA TELHA DE FIBROCIMENTO ESTRUTURAL E = 6 MM, INCLUSO ACESSÓRIOS DE FIXAÇÃO E IÇAMENTO. AF_07/2019 | E188: Telhamento para Cobertura | F188: M | G188: 34,06 | H188: 86,66 | I188: 2.951,63 | J188: 0,10 | K188: 94,34
B189: 91994 | C189: SINAPI | D189: TOMADA MÉDIA DE EMBUTIR (1 MÓDULO), 2P+T 10 A, SEM SUPORTE E SEM PLACA - FORNECIMENTO E INSTALAÇÃO. AF_03/2023 | E189: Instalações Elétricas - Eletrodutos Embutidos, Cabos, Caixas, Tomadas e Interruptores | F189: UN | G189: 90,0 | H189: 31,29 | I189: 2.816,10 | J189: 0,09 | K189: 94,43
B190: 103689 | C190: SINAPI | D190: FORNECIMENTO E INSTALAÇÃO DE PLACA DE OBRA COM CHAPA GALVANIZADA E ESTRUTURA DE MADEIRA. AF_03/2022_PS | E190: Sinalização Vertical Viária | F190: m² | G190: 6,0 | H190: 467,47 | I190: 2.804,82 | J190: 0,09 | K190: 94,52
B191: 87553 | C191: SINAPI | D191: EMBOÇO, EM ARGAMASSA TRAÇO 1:2:8, PREPARO MECÂNICO, APLICADO MANUALMENTE EM PAREDES INTERNAS DE AMBIENTES COM ÁREA MAIOR QUE 10M², E = 10MM, COM TALISCAS. AF_03/2024 | E191: Massa Única Interna | F191: m² | G191: 106,95 | H191: 25,97 | I191: 2.777,49 | J191: 0,09 | K191: 94,61
B192: 91937 | C192: SINAPI | D192: CAIXA OCTOGONAL 3" X 3", PVC, INSTALADA EM LAJE - FORNECIMENTO E INSTALAÇÃO. AF_03/2023 | E192: Instalações Elétricas - Eletrodutos Embutidos, Cabos, Caixas, Tomadas e Interruptores | F192: UN | G192: 141,0 | H192: 19,54 | I192: 2.755,14 | J192: 0,09 | K192: 94,70
B193: CPU3159 | C193: Próprio | D193: CENTRAL MANIFOLD PARA CILINDROS 2 X 2 PARA OXIGÊNIO, AR COMPRIMIDO E ÓXIDO NITROSO COM SERPENTINA E SEM VÁLVULA DE ALTA PRESSÃO | E193: INES - INSTALAÇÕES ESPECIAIS | F193: UN | G193: 2,0 | H193: 1.317,11 | I193: 2.634,22 | J193: 0,09 | K193: 94,79
B194: 104658 | C194: SINAPI | D194: PISO PODOTÁTIL DE ALERTA OU DIRECIONAL, DE CONCRETO, ASSENTADO SOBRE ARGAMASSA. AF_03/2024 | E194: Acessibilidade | F194: m² | G194: 17,77 | H194: 147,58 | I194: 2.622,49 | J194: 0,09 | K194: 94,87
B195: 97330 | C195: SINAPI | D195: TUBO EM COBRE FLEXÍVEL, DN 5/8", COM ISOLAMENTO, INSTALADO EM RAMAL DE ALIMENTAÇÃO DE AR-CONDICIONADO - FORNECIMENTO E INSTALAÇÃO. AF_07/2025 | E195: Instalações de ar condicionado em cobre | F195: M | G195: 36,0 | H195: 72,44 | I195: 2.607,84 | J195: 0,09 | K195: 94,96
B196: CPU2699 | C196: Próprio | D196: CHUMBADOR 3/8"" X 2.1/2"" COM PARAFUSO CBA/CB/CBT ZINCADO | E196: ASTU - ASSENTAMENTO DE TUBOS E PECAS | F196: UN | G196: 186,0 | H196: 13,55 | I196: 2.520,30 | J196: 0,08 | K196: 95,04
B197: CPU2635 | C197: Próprio | D197: SOQUETE OU BOCAL DE PORCELANA E27 DE TEMPO, REF.MT-2233, MARCA DECORLUX OU SIMILAR | E197: ASTU - ASSENTAMENTO DE TUBOS E PECAS | F197: UN | G197: 149,0 | H197: 16,69 | I197: 2.486,81 | J197: 0,08 | K197: 95,12
... B409: 89448 | C409: SINAPI | D409: TUBO, PVC, SOLDÁVEL, DE 40MM, INSTALADO EM PRUMADA DE ÁGUA - FORNECIMENTO E INSTALAÇÃO. AF_06/2022 | E409: Instalações Prediais de Água Fria em PVC | F409: M | G409: 0,1 | H409: 15,71 | I409: 1,57 | J409: 0,00 | K409: 100,00
G411: Total sem BDI | I411: 3060579
G412: Total do BDI | I412: 632368.29
G413: Total Geral | I413: 3692947.2

Sheet CRONOGRAMA FÍSICO FINANCEIRO
B3: ='DADOS GERAIS'!B8 -> Secretaria da Saúde - Timbó | S3: ='[2]DADOS GERAIS'!$B$21 -> Data:
B4: ='DADOS GERAIS'!B9 -> Unidade Básica de Saúde Porte 3 - Área Construída: 813,73m² | S4: 11/02/2026
B5: ='DADOS GERAIS'!B10 -> Localização
B6: ='DADOS GERAIS'!B11 -> RUA TIROLESES, 515, Bairro CAPITAIS, Complemento - , CEP 89095-450 | S6: ='[2]DADOS GERAIS'!$B$22 -> Revisão:
B7: ='DADOS GERAIS'!B12 -> Bancos: | S7: 00
B8: ='DADOS GERAIS'!B13 -> SINAPI (07/2025) - CPOS/CDHU (06/2025) - SBC (08/2025) - ORSE (06/2025) - IOPES (05/2025) - EMOP (07/2025) - SIURB (01/2025)
B9: EVENTO | C9: DESCRIÇÃO | D9: PREÇO | E9: MÊS 1 | F9: MÊS 2 | G9: MÊS 3 | H9: MÊS 4 | I9: MÊS 5 | J9: MÊS 6 | K9: MÊS 7 | L9: MÊS 8 | M9: MÊS 9 | N9: MÊS 10 | O9: MÊS 11 | P9: MÊS 12 | Q9: MÊS 13 | R9: MÊS 14 | S9: Total
B10: 1 | C10: ADMINISTRAÇÃO LOCAL | D10: ='ORC. SINTÉTICO'!N21+'ORC. SINTÉTICO'!N23+'ORC. SINTÉTICO'!N32 -> 146086.6 | E10: =$D$10/14 -> 10434.757 | F10: =$D$10/14 -> 10434.757 | G10: =$D$10/14 -> 10434.757 | H10: =$D$10/14 -> 10434.757 | I10: =$D$10/14 -> 10434.757 | J10: =$D$10/14 -> 10434.757 | K10: =$D$10/14 -> 10434.757 | L10: =$D$10/14 -> 10434.757 | ... R10: =$D$10/14 -> 10434.757 | S10: =SUM(E10:R10) -> 146086.6
E11: =E10/$D$10 -> 0.071428571 | F11: =F10/$D$10 -> 0.071428571 | G11: =G10/$D$10 -> 0.071428571 | H11: =H10/$D$10 -> 0.071428571 | I11: =I10/$D$10 -> 0.071428571 | J11: =J10/$D$10 -> 0.071428571 | K11: =K10/$D$10 -> 0.071428571 | L11: =L10/$D$10 -> 0.071428571 | ... R11: =R10/$D$10 -> 0.071428571 | S11: =SUM(E11:R11) -> 1
B13: 2 | C13: =RESUMO!C18 -> SERVIÇOS PRELIMINARES E INDIRETOS | D13: =RESUMO!E18-D10 -> 215910.65 | E13: =$D$13/2 -> 107955.33 | F13: =$D$13/2 -> 107955.33 | S13: =SUM(E13:R13) -> 215910.65 | T13: =S13-D13 -> 0
E14: =E13/$D$13 -> 0.5 | F14: =F13/$D$13 -> 0.5 | S14: =SUM(E14:R14) -> 1
B16: 3 | C16: =RESUMO!C19 -> FUNDAÇÃO | D16: =RESUMO!E19 -> 351183.12 | E16: =D16/2 -> 175591.56 | F16: =D16/2 -> 175591.56 | S16: =SUM(E16:R16) -> 351183.12 | T16: =S16-D16 -> 0
E17: =E16/D16 -> 0.5 | F17: =F16/D16 -> 0.5 | S17: =SUM(E17:R17) -> 1
B19: 4 | C19: =RESUMO!C20 -> ESTRUTURA | D19: =RESUMO!E20 -> 523961.02 | F19: =D19/3 -> 174653.67 | G19: =D19/3 -> 174653.67 | H19: =D19/3 -> 174653.67 | S19: =SUM(E19:R19) -> 523961.02 | T19: =S19-D19 -> 0
F20: =F19/$D$19 -> 0.33333333 | G20: =G19/$D$19 -> 0.33333333 | H20: =H19/$D$19 -> 0.33333333 | S20: =SUM(E20:R20) -> 1
B22: 5 | C22: =RESUMO!C21 -> ALVENARIA, VEDAÇÕES E DIVISÓRIAS | D22: =RESUMO!E21 -> 348825.66 | H22: =D22/3 -> 116275.22 | I22: =D22/3 -> 116275.22 | J22: =D22/3 -> 116275.22 | S22: =SUM(E22:R22) -> 348825.66 | T22: =S22-D22 -> 0
H23: =H22/$D$22 -> 0.33333333 | I23: =I22/$D$22 -> 0.33333333 | J23: =J22/$D$22 -> 0.33333333 | S23: =SUM(E23:R23) -> 1
B25: 6 | C25: =RESUMO!C22 -> COBERTURA | D25: =RESUMO!E22 -> 161861.57 | J25: =D25/2 -> 80930.785 | K25: =D25/2 -> 80930.785 | S25: =SUM(E25:R25) -> 161861.57 | T25: =S25-D25 -> 0
J26: =J25/$D$25 -> 0.5 | K26: =K25/$D$25 -> 0.5 | S26: =SUM(E26:R26) -> 1
B28: 7 | C28: =RESUMO!C23 -> IMPERMEABILIZAÇÃO | D28: =RESUMO!E23 -> 41778.56 | E28: =D28/4 -> 10444.64 | F28: =D28/4 -> 10444.64 | H28: =D28/4 -> 10444.64 | I28: =D28/4 -> 10444.64 | S28: =SUM(E28:R28) -> 41778.56 | T28: =S28-D28 -> 0
E29: =E28/$D$28 -> 0.25 | F29: =F28/$D$28 -> 0.25 | H29: =H28/$D$28 -> 0.25 | I29: =I28/$D$28 -> 0.25 | S29: =SUM(E29:R29) -> 1
B31: 8 | C31: =RESUMO!C24 -> ESQUADRIAS | D31: =RESUMO!E24 -> 330073.97 | L31: =D31/3 -> 110024.66 | M31: =D31/3 -> 110024.66 | N31: =D31/3 -> 110024.66 | S31: =SUM(E31:R31) -> 330073.97 | T31: =S31-D31 -> 0
L32: =L31/$D$31 -> 0.33333333 | M32: =M31/$D$31 -> 0.33333333 | N32: =N31/$D$31 -> 0.33333333 | S32: =SUM(E32:R32) -> 1
B34: 9 | C34: =RESUMO!C25 -> REVESTIMENTO DE PAREDE | D34: =RESUMO!E25 -> 126452.66 | N34: =D34/3 -> 42150.887 | O34: =D34/3 -> 42150.887 | P34: =D34/3 -> 42150.887 | S34: =SUM(E34:R34) -> 126452.66 | T34: =S34-D34 -> 0
N35: =N34/$D$34 -> 0.33333333 | O35: =O34/$D$34 -> 0.33333333 | P35: =P34/$D$34 -> 0.33333333 | S35: =SUM(E35:R35) -> 1
B37: 10 | C37: =RESUMO!C26 -> REVESTIMENTO DE PISO INTERNO | D37: =RESUMO!E26 -> 164117.58 | M37: =D37/3 -> 54705.86 | N37: =D37/3 -> 54705.86 | O37: =D37/3 -> 54705.86 | S37: =SUM(E37:R37) -> 164117.58 | T37: =S37-D37 -> 0
M38: =M37/$D$37 -> 0.33333333 | N38: =N37/$D$37 -> 0.33333333 | O38: =O37/$D$37 -> 0.33333333 | S38: =SUM(E38:R38) -> 1
B40: 11 | C40: =RESUMO!C27 -> REVESTIMENTO DE PISO EXTERNO | D40: =RESUMO!E27 -> 48686.08 | P40: =D40/2 -> 24343.04 | Q40: =D40/2 -> 24343.04 | S40: =SUM(E40:R40) -> 48686.08 | T40: =S40-D40 -> 0
P41: =P40/$D$40 -> 0.5 | Q41: =Q40/$D$40 -> 0.5 | S41: =SUM(E41:R41) -> 1
B43: 12 | C43: =RESUMO!C28 -> REVESTIMENTO DE TETO | D43: =RESUMO!E28 -> 63154.88 | M43: =D43/3 -> 21051.627 | N43: =D43/3 -> 21051.627 | O43: =D43/3 -> 21051.627 | S43: =SUM(E43:R43) -> 63154.88 | T43: =S43-D43 -> 0
M44: =M43/$D$43 -> 0.33333333 | N44: =N43/$D$43 -> 0.33333333 | O44: =O43/$D$43 -> 0.33333333 | S44: =SUM(E44:R44) -> 1
B46: 13 | C46: =RESUMO!C29 -> PINTURA | D46: =RESUMO!E29 -> 122167.95 | N46: =D46/3 -> 40722.65 | O46: =D46/3 -> 40722.65 | P46: =D46/3 -> 40722.65 | S46: =SUM(E46:R46) -> 122167.95 | T46: =S46-D46 -> 0
N47: =N46/$D$46 -> 0.33333333 | O47: =O46/$D$46 -> 0.33333333 | P47: =P46/$D$46 -> 0.33333333 | S47: =SUM(E47:R47) -> 1
B49: 14 | C49: =RESUMO!C30 -> MARMORARIA | D49: =RESUMO!E30 -> 37200.58 | L49: =D49/4 -> 9300.145 | N49: =D49/4 -> 9300.145 | O49: =D49/4 -> 9300.145 | P49: =D49/4 -> 9300.145 | S49: =SUM(E49:R49) -> 37200.58 | T49: =S49-D49 -> 0
L50: =L49/$D$49 -> 0.25 | N50: =N49/$D$49 -> 0.25 | O50: =O49/$D$49 -> 0.25 | P50: =P49/$D$49 -> 0.25 | S50: =SUM(E50:R50) -> 1
B52: 15 | C52: =RESUMO!C31 -> LOUÇAS, METAIS E ACESSÓRIOS | D52: =RESUMO!E31 -> 86848.84 | N52: =D52/3 -> 28949.613 | O52: =D52/3 -> 28949.613 | P52: =D52/3 -> 28949.613 | S52: =SUM(E52:R52) -> 86848.84 | T52: =S52-D52 -> 0
N53: =N52/$D$52 -> 0.33333333 | O53: =O52/$D$52 -> 0.33333333 | P53: =P52/$D$52 -> 0.33333333 | S53: =SUM(E53:R53) -> 1
B55: 16 | C55: =RESUMO!C32 -> INSTALAÇÕES HIDROSSANITÁRIAS | D55: =RESUMO!E32 -> 299803.73 | G55: =D55/6 -> 49967.288 | H55: =D55/6 -> 49967.288 | K55: =D55/6 -> 49967.288 | N55: =D55/6 -> 49967.288 | O55: =D55/6 -> 49967.288 | P55: =D55/6 -> 49967.288 | S55: =SUM(E55:R55) -> 299803.73 | T55: =S55-D55 -> 0
G56: =G55/$D$55 -> 0.16666667 | H56: =H55/$D$55 -> 0.16666667 | K56: =K55/$D$55 -> 0.16666667 | N56: =N55/$D$55 -> 0.16666667 | O56: =O55/$D$55 -> 0.16666667 | P56: =P55/$D$55 -> 0.16666667 | S56: =SUM(E56:R56) -> 1
B58: 17 | C58: =RESUMO!C33 -> INSTALAÇÕES ELÉTRICAS | D58: =RESUMO!E33 -> 411207.27 | M58: =D58/3 -> 137069.09 | N58: =D58/3 -> 137069.09 | O58: =D58/3 -> 137069.09 | S58: =SUM(E58:R58) -> 411207.27 | T58: =S58-D58 -> 0
M59: =M58/$D$58 -> 0.33333333 | N59: =N58/$D$58 -> 0.33333333 | O59: =O58/$D$58 -> 0.33333333 | S59: =SUM(E59:R59) -> 1
B61: 18 | C61: =RESUMO!C34 -> CLIMATIZAÇÃO | D61: =RESUMO!E34 -> 160610.29 | Q61: =D61/2 -> 80305.145 | R61: =D61/2 -> 80305.145 | S61: =SUM(E61:R61) -> 160610.29 | T61: =S61-D61 -> 0
Q62: =Q61/D61 -> 0.5 | R62: =R61/D61 -> 0.5 | S62: =SUM(E62:R62) -> 1
B64: 19 | C64: =RESUMO!C35 -> DADOS E VOZ | D64: =RESUMO!E35 -> 28165.8 | P64: =D64/2 -> 14082.9 | Q64: =D64/2 -> 14082.9 | S64: =SUM(E64:R64) -> 28165.8 | T64: =S64-D64 -> 0
P65: =P64/D64 -> 0.5 | Q65: =Q64/D64 -> 0.5 | S65: =SUM(E65:R65) -> 1
B67: 20 | C67: =RESUMO!C36 -> GASES MEDICINAIS | D67: =RESUMO!E36 -> 23045.06 | O67: =D67/3 -> 7681.6867 | P67: =D67/3 -> 7681.6867 | Q67: =D67/3 -> 7681.6867 | S67: =SUM(E67:R67) -> 23045.06 | T67: =S67-D67 -> 0
O68: =O67/$D$67 -> 0.33333333 | P68: =P67/$D$67 -> 0.33333333 | Q68: =Q67/$D$67 -> 0.33333333 | S68: =SUM(E68:R68) -> 1
B70: 21 | C70: =RESUMO!C37 -> URBANIZAÇÃO | D70: =RESUMO!E37 -> 9858.13 | Q70: =D70/2 -> 4929.065 | R70: =D70/2 -> 4929.065 | S70: =SUM(E70:R70) -> 9858.13 | T70: =S70-D70 -> 0
Q71: =Q70/D70 -> 0.5 | R71: =R70/D70 -> 0.5 | S71: =SUM(E71:R71) -> 1
B73: 22 | C73: =RESUMO!C38 -> SERVIÇOS COMPLEMENTARES | D73: =RESUMO!E38 -> 14859.76 | R73: =D73/1 -> 14859.76 | S73: =SUM(E73:R73) -> 14859.76 | T73: =S73-D73 -> 0
R74: =R73/D73 -> 1 | S74: =SUM(E74:R74) -> 1
B76: 22 | C76: =RESUMO!C39 -> PROJETOS “AS BUILT” | D76: =RESUMO!E39 -> 34371.049 | R76: =D76/1 -> 34371.049 | S76: =SUM(E76:R76) -> 34371.049
R77: =R76/D76 -> 1 | S77: =SUM(E77:R77) -> 1
C79: TOTAL | D79: =SUM(D10:D78) -> 3750230.8 | E79: =E10+E13+E16+E19+E22+E25+E28+E31+E34+E37+E40+E43+E46+E49+E52+E55+E58+E61+E64+E67+E70+E73+E76 -> 304426.28 | F79: =F10+F13+F16+F19+F22+F25+F28+F31+F34+F37+F40+F43+F46+F49+F52+F55+F58+F61+F64+F67+F70+F73+F76 -> 479079.96 | G79: =G10+G13+G16+G19+G22+G25+G28+G31+G34+G37+G40+G43+G46+G49+G52+G55+G58+G61+G64+G67+G70+G73+G76 -> 235055.72 | H79: =H10+H13+H16+H19+H22+H25+H28+H31+H34+H37+H40+H43+H46+H49+H52+H55+H58+H61+H64+H67+H70+H73+H76 -> 361775.58 | I79: =I10+I13+I16+I19+I22+I25+I28+I31+I34+I37+I40+I43+I46+I49+I52+I55+I58+I61+I64+I67+I70+I73+I76 -> 137154.62 | J79: =J10+J13+J16+J19+J22+J25+J28+J31+J34+J37+J40+J43+J46+J49+J52+J55+J58+J61+J64+J67+J70+J73+J76 -> 207640.76 | K79: =K10+K13+K16+K19+K22+K25+K28+K31+K34+K37+K40+K43+K46+K49+K52+K55+K58+K61+K64+K67+K70+K73+K76 -> 141332.83 | L79: =L10+L13+L16+L19+L22+L25+L28+L31+L34+L37+L40+L43+L46+L49+L52+L55+L58+L61+L64+L67+L70+L73+L76 -> 129759.56 | ... S79: =S10+S13+S16+S19+S22+S25+S28+S31+S34+S37+S40+S43+S46+S49+S52+S55+S58+S61+S64+S67+S70+S73+S76 -> 3750230.8 | T79: =E79+F79+G79+H79+I79+J79+K79+L79+M79+N79+O79+P79+Q79+R79 -> 3750230.8
T81: ='ORC. SINTÉTICO'!N521 -> 3750230.8
D82: Nota: Este projeto é baseado na obra original de THAIS FERREIRA PELLAQUIM, cuja Anotação de Responsabilidade Técnica (ART) está registrado sob MG20243379868. O autor cedeu os direitos autorais para adaptações e desenvolvimento adicional dos Projetos Referenciais para Construção de Unidade Básica de Saúde – Porte 3. Esta versão mantém as premissas do trabalho original, ao mesmo tempo em que incorpora novas contribuições para atender aos objetivos específicos da implementação local desta iniciativa.
C89: ___________________________________
C90: THAENNE HELLEN BEBER
C91: ENGENHEIRA CIVIL
C92: CREA/SC 186217-6
